 Dungeon Crawl Stone Soup version 0.30-a0-222-ge547ba4400 (webtiles) character file.

Game seed: 9264380875146565942

1712646 sleeves the Hand of Fortune (level 27, 323/323 HPs)
             Began as a Demonspawn Gladiator on Oct 8, 2022.
             Was the Champion of Nemelex Xobeh.
             Escaped with the Orb
             ... and 3 runes!
             The game lasted 02:30:26 (73790 turns).

sleeves the Hand of Fortune (Demonspawn Gladiator) Turns: 73790, Time: 02:30:27

Health: 323/323    AC: 47    Str: 48    XL:     27
Magic:  40/40      EV: 11    Int: 10    God:    Nemelex Xobeh [******]
Gold:   9575       SH: 41    Dex: 10    Spells: 22/26 levels left

rFire   + + +      SeeInvis +    d - +7 demon blade (vorpal)
rCold   + + .      Faith    .    E - +10 tower shield of Ignorance {rN+ Int-4}
rNeg    + . .      Spirit   +    g - +14 crystal plate armour {rC+}
rPois   +          Reflect  .    J - +2 helmet {Int+3}
rElec   +          Harm     .    G - scarf {rC+ rF+}
rCorr   +          Rampage  .    (gloves unavailable)
Will    +++..                    T - +0 pair of boots of Servitude {rElec rPois Str+3 Stlth-}
Stlth   ..........               k - amulet "Qiutan" {Will+ Regen+ Str+5}
HPRegen 1.53/turn                l - ring "Aczitug" {rF+ rCorr Str+4 Int+2}
MPRegen 0.54/turn                x - ring "Tocac" {rF+ Str+5 Dex-5 Slay+4 SInv}

@: studying 2 skills
A: large bone plates 3, ignite blood 3, robust 3, magic shield, magic
regeneration, magic link, demonic touch 3, strong 1
0: Orb of Zot
}: 3/15 runes: decaying, silver, gossamer
a: Renounce Religion, Draw Escape, Draw Destruction, Draw Summoning, Triple
Draw, Deal Four, Stack Five


You escaped.
You worshipped Nemelex Xobeh.
Nemelex Xobeh was exalted by your worship.
You visited 11 branches of the dungeon, and saw 51 of its levels.
You also visited: Wizlab and Desolation.

You collected 10016 gold pieces.
You spent 441 gold pieces at shops.

Inventory:

Hand Weapons
 a - the +4 scimitar of Starshine {flame, Will+ Int+4 Stlth+}
   (You found it on level 3 of the Elven Halls)

   It burns those it strikes, dealing additional fire damage.
   Big, fiery blades are also staple armaments of hydra-hunters.
   Int:       It affects your intelligence (+4).
   Will:      It increases your willpower.
   Stlth:     It makes you more stealthy.
 d - a +7 vorpal demon blade (weapon)
   (You took it off Margery on level 4 of the Vaults)
Armour
 g - a +14 crystal plate armour of cold resistance (worn)
   (You found it on level 1 of the Crypt)
 u - the +8 orange crystal plate armour {Archmagi, Int+3 Clar}
   (You found it on level 3 of the Spider Nest)

   Int:       It affects your intelligence (+3).
   Clar:      It protects you against confusion.
 E - the +10 tower shield of Ignorance (worn) {rN+ Int-4}
   (You found it in the Desolation of Salt)

   Int:       It affects your intelligence (-4).
   rN:        It protects you from negative energy.
 G - a scarf of resistance (worn)
   (You found it on level 4 of the Spider Nest)
 J - a +2 helmet of intelligence (worn)
   (You found it on level 3 of the Depths)
 K - a +2 pair of boots of flying
   (You found it on level 3 of the Elven Halls)
 T - the +0 pair of boots of Servitude (worn) {rElec rPois Str+3 Stlth-}
   (You bought it in a shop on level 2 of the Orcish Mines)

   Str:       It affects your strength (+3).
   rElec:     It insulates you from electricity.
   rPois:     It protects you from poison.
   Stlth:     It makes you less stealthy.
Jewellery
 e - the ring of Free Will {rF+ rC+}
   (You found it in the Desolation of Salt)

   [ring of protection from cold]

   rF:        It protects you from fire.
   rC:        It protects you from cold.
 i - the ring "Zuibouv" {Wiz Contam rElec rN++ Stlth+}
   (You found it in the Desolation of Salt)

   [ring of wizardry]

   It improves your spell success rate.
   rElec:     It insulates you from electricity.
   rN:        It greatly protects you from negative energy.
   Contam:    It causes magical contamination when unequipped.
   Stlth:     It makes you more stealthy.
 k - the amulet "Qiutan" (around neck) {Will+ Regen+ Str+5}
   (You found it in the Desolation of Salt)

   [amulet of regeneration]

   Str:       It affects your strength (+5).
   Regen:     It increases your rate of health regeneration.
   Will:      It increases your willpower.
 l - the ring "Aczitug" (left hand) {rF+ rCorr Str+4 Int+2}
   (You found it on level 1 of the Realm of Zot)

   [ring of resist corrosion]

   Str:       It affects your strength (+4).
   Int:       It affects your intelligence (+2).
   rF:        It protects you from fire.
   rCorr:     It protects you from acid and corrosion.
 n - the ring "Locoam" {Fly rC+ rN+ Dex+2}
   (You found it in a wizard's laboratory)

   [ring of flight]

   Dex:       It affects your dexterity (+2).
   rC:        It protects you from cold.
   rN:        It protects you from negative energy.
   Fly:       It grants you flight.
 s - the ring "Wocwu" {rElec Will+ Str+6 Dex+3}
   (You found it on level 5 of the Vaults)

   [ring of strength]

   Str:       It affects your strength (+6).
   Dex:       It affects your dexterity (+3).
   rElec:     It insulates you from electricity.
   Will:      It increases your willpower.
 w - the amulet "Kuifis" {Faith Drain rPois rC++ rCorr}
   (You found it on level 1 of the Elven Halls)

   [amulet of faith]

   It allows you to gain divine favour quickly.
   rC:        It greatly protects you from cold.
   rPois:     It protects you from poison.
   rCorr:     It protects you from acid and corrosion.
   Drain:     It drains your maximum health when unequipped.
 x - the ring "Tocac" (right hand) {rF+ Str+5 Dex-5 Slay+4 SInv}
   (You acquired it on level 3 of the Swamp)

   [ring of slaying]

   Str:       It affects your strength (+5).
   Dex:       It affects your dexterity (-5).
   Slay:      It affects your accuracy & damage with ranged weapons and melee
   (+4).
   rF:        It protects you from fire.
   SInv:      It lets you see invisible.
 y - the ring of Saocuog {Fly rC- Will+ Int+4 Dex+6}
   (You found it in the Desolation of Salt)

   [ring of dexterity]

   Int:       It affects your intelligence (+4).
   Dex:       It affects your dexterity (+6).
   rC:        It makes you vulnerable to cold.
   Fly:       It grants you flight.
   Will:      It increases your willpower.
 S - the ring of Bodily Harmony {Contam rC+ AC+4 Str+2 Int+8}
   (You found it on level 3 of the Elven Halls)

   [ring of protection]

   AC:        It affects your AC (+4).
   Str:       It affects your strength (+2).
   Int:       It affects your intelligence (+8).
   rC:        It protects you from cold.
   Contam:    It causes magical contamination when unequipped.
Wands
 b - a wand of digging (1)
   (You found it on level 3 of the Elven Halls)
 p - a wand of iceblast (71)
   (You found it on level 3 of the Dungeon)
 z - a wand of quicksilver (38)
   (You found it on level 4 of the Dungeon)
 N - a wand of flame (141)
   (You found it on level 5 of the Dungeon)
 Z - a wand of paralysis (90)
   (You found it on level 8 of the Dungeon)
Scrolls
 c - a scroll of silence
 j - 5 scrolls of summoning
 q - 6 scrolls of magic mapping
 v - 10 scrolls of amnesia
 C - 5 scrolls of brand weapon
 D - 15 scrolls of teleportation
 I - 2 scrolls of torment
 L - 5 scrolls of immolation
 P - 13 scrolls of fear
 R - 7 scrolls of blinking
 W - 10 scrolls of fog
Potions
 f - 4 potions of haste
 h - 31 potions of curing
 m - 8 potions of heal wounds
 t - 6 potions of might
 A - 4 potions of resistance
 F - 4 potions of berserk rage
 H - 8 potions of brilliance
 M - 18 potions of flight
 O - 4 potions of cancellation
 U - 3 potions of magic
 V - 10 potions of mutation
 X - 6 potions of invisibility
 Y - 7 potions of ambrosia
Miscellaneous
 o - a box of beasts
   (You found it in a wizard's laboratory)
 r - a condenser vane
   (You found it on level 13 of the Dungeon)
 B - a phantom mirror
   (You found it on level 3 of the Elven Halls)
 Q - a phial of floods
   (You found it on level 3 of the Elven Halls)


   Skills:
 O Level 27 Fighting
 - Level 15.0 Long Blades
 - Level 1.7 Throwing
 + Level 21.1 Armour
 - Level 8.0 Dodging
 + Level 25.3 Shields
 O Level 27 Invocations
 - Level 10.7 Evocations


You had 22 spell levels left.
You knew the following spells:

 Your Spells              Type           Power      Damage    Failure   Level
a - Passage of Golubria   Tloc           0%         N/A       100%        4

Your spell library contained the following spells:

 Spells                   Type           Power      Damage    Failure   Level
 Apportation              Tloc           0%         N/A       88%         1
 Foxfire                  Conj/Fire      0%         2x1d4     88%         1
 Kiss of Death            Conj/Necr      0%         2d5       88%         1
 Magic Dart               Conj           0%         1d3       88%         1
 Necrotise                Necr           0%         1d4       88%         1
 Sandblast                Erth           0%         2d4       88%         1
 Slow                     Hex            0%         N/A       88%         1
 Sting                    Tmut/Pois      0%         1d3       88%         1
 Summon Small Mammal      Summ           0%         N/A       88%         1
 Blink                    Tloc           0%         N/A       96%         2
 Call Imp                 Summ           0%         N/A       96%         2
 Ensorcelled Hibernation  Hex/Ice        0%         N/A       96%         2
 Momentum Strike          Conj/Tloc      0%         3d8       96%         2
 Passwall                 Tmut/Erth      0%         N/A       96%         2
 Poisonous Vapours        Pois/Air       0%         N/A       96%         2
 Scorch                   Fire           0%         2d5       96%         2
 Searing Ray              Conj           0%         2d4       96%         2
 Static Discharge         Conj/Air       0%         2-2/arc   96%         2
 Call Canine Familiar     Summ           0%         N/A       99%         3
 Confusing Touch          Hex            0%         N/A       99%         3
 Dazzling Flash           Conj/Hex       0%         N/A       99%         3
 Frozen Ramparts          Ice            0%         1d1       99%         3
 Gell's Gravitas          Tloc           0%         N/A       99%         3
 Ignite Poison            Fire/Tmut/Pois 0%         N/A       99%         3
 Inner Flame              Hex/Fire       0%         N/A       99%         3
 Kindle Blastsparks       Fire/Tloc/Air  0%         2d10      99%         3
 Lesser Beckoning         Tloc           0%         N/A       99%         3
 Mephitic Cloud           Conj/Pois/Air  0%         N/A       99%         3
 Portal Projectile        Hex/Tloc       0%         N/A       99%         3
 Spider Form              Tmut/Pois      0%         N/A       99%         3
 Stone Arrow              Conj/Erth      0%         3d7       99%         3
 Summon Guardian Golem    Hex/Summ       0%         N/A       99%         3
 Teleport Other           Tloc           0%         N/A       99%         3
 Tukima's Dance           Hex            0%         N/A       99%         3
 Vampiric Draining        Necr           0%         2d6       99%         3
 Vhi's Electric Charge    Tloc/Air       0%         N/A       99%         3
 Anguish                  Hex/Necr       0%         N/A       100%        4
 Animate Armour           Summ/Erth      0%         N/A       100%        4
 Flame Wave               Conj/Fire      0%         2d4       100%        4
 Fulminant Prism          Conj/Hex       0%         3d6       100%        4
 Iskenderun's Mystic Bla  Conj/Tloc      0%         2d3       100%        4
 Leda's Liquefaction      Hex/Erth       0%         N/A       100%        4
 Olgreb's Toxic Radiance  Pois           0%         N/A       100%        4
 Petrify                  Tmut/Erth      0%         N/A       100%        4
 Sticky Flame             Conj/Fire      0%         2d3       100%        4
 Summon Ice Beast         Ice/Summ       0%         N/A       100%        4
 Agony                    Necr           0%         N/A       100%        5
 Arcjolt                  Conj/Air       0%         1d10      100%        5
 Blade Hands              Tmut           0%         N/A       100%        5
 Fireball                 Conj/Fire      0%         3d3       100%        5
 Freezing Cloud           Conj/Ice/Air   0%         6-21      100%        5
 Irradiate                Conj/Tmut      0%         3d11      100%        5
 Iskenderun's Battlesphe  Conj           0%         2d6       100%        5
 Lee's Rapid Deconstruct  Erth           0%         3d5*      100%        5
 Lightning Bolt           Conj/Air       0%         1d11      100%        5
 Metabolic Englaciation   Hex/Ice        0%         N/A       100%        5
 Summon Forest            Summ/Tloc      0%         N/A       100%        5
 Summon Mana Viper        Hex/Summ       0%         N/A       100%        5
 Yara's Violent Unravell  Hex/Tmut       0%         3d3       100%        5
 Conjure Ball Lightning   Conj/Air       0%         3x3d6     100%        6
 Dispersal                Tloc           0%         N/A       100%        6
 Eringya's Noxious Bog    Tmut/Pois      0%         N/A       100%        6
 Iron Shot                Conj/Erth      0%         9d1       100%        6
 Starburst                Conj/Fire      0%         6d3       100%        6
 Statue Form              Tmut/Erth      0%         N/A       100%        6
 Summon Cactus Giant      Summ           0%         N/A       100%        6
 Malign Gateway           Summ/Tloc      0%         N/A       100%        7
 Monstrous Menagerie      Summ           0%         N/A       100%        7
 Orb of Destruction       Conj           0%         9d5       100%        7
 Ozocubu's Refrigeration  Ice            0%         4d7       100%        7
 Spellforged Servitor     Conj/Summ      0%         N/A       100%        7
 Summon Hydra             Summ           0%         N/A       100%        7
 Lehudib's Crystal Spear  Conj/Erth      0%         10d2      100%        8
 Maxwell's Capacitive Co  Air            0%         ∞         100%        8
 Dragon's Call            Summ           0%         N/A       100%        9


Dungeon Overview and Level Annotations

Branches:
Dungeon (15/15)            Temple (1/1) D:5            Lair (5/5) D:8
  Swamp (4/4) Lair:3       Spider (4/4) Lair:3        Slime (0/5) Lair:4
    Orc (2/2) D:11            Elf (3/3) Orc:2        Vaults (5/5) D:14
  Crypt (3/3) Vaults:2       Tomb (0/3) Crypt:3      Depths (4/4) D:15
    Zot (5/5) Depths:4     WizLab (visited)         Desolation (visited)

Altars:
Ashenzari
Cheibriados
Dithmenos
Fedhas
Gozag
Hepliaklqana
Kikubaaqudgha
Makhleb
Nemelex Xobeh
Okawaru
Qazlal
Ru
Sif Muna
Trog
Uskayaw
Vehumet
Wu Jian
Xom
Yredelemnul
Jiyva

Shops:
D:7 [   D:8 *   Orc:1 !   Orc:2 [*![(   Vaults:1 :   Vaults:2 [   Depths:1 :[:
Depths:2 (

Portals:
Hell: Depths:1 Depths:2 Depths:3 Depths:4
Abyss: Depths:3
Pandemonium: Depths:1 Depths:2
Ziggurat: Depths:4

Annotations:
D:6 3 runed translucent doors, KennySheep's ghost, novice BaTm
D:9 1 transporter
D:11 2 runed translucent doors, timneilson's ghost, journeyman GrFi
D:12 1 runed translucent door
Lair:5 1 runed translucent door, 1 exclusion
Swamp:4 Roxanne
Spider:2 exclusion: obsidian statue
Elf:2 2 transporters, Sorrimu's ghost, adept DsDe


Innate Abilities, Weirdness & Mutations

You are completely covered in large bone plates. (SH +8)
Your demonic aura causes all spilled blood to erupt in flames.
You are extremely robust. (+30% HP)
When hurt, damage is shared between your health and your magic reserves.
You regenerate magic rapidly.
When low on magic, you restore magic in place of health.
Your touch may irresistibly damage your foes and sap their willpower.
Your muscles are strong. (Str +4, Int/Dex -1)


Message History

You block the Orb Guardian's attack.
You barely miss the Orb Guardian.
The Orb Guardian is almost dead.
You block the Orb Guardian's attack. x2
You closely miss the Orb Guardian.
The Orb Guardian is almost dead.
An Orb Guardian comes into view.
The Orb Guardian is engulfed in blazing flames.
You block the Orb Guardian's attack.
The electric golem blinks!
The Orb Guardian is engulfed in blazing flames.
You block the Orb Guardian's attack.
The Orb Guardian hits you but does no damage.
The Orb Guardian is engulfed in blazing flames.
You kill the Orb Guardian!
You closely miss the Orb Guardian.
The Orb Guardian is moderately wounded.
The Orb Guardian is engulfed in blazing flames.
You barely miss the Orb Guardian.
The Orb Guardian is moderately wounded.
An Orb Guardian comes into view.
You yell at the Orb Guardian!
The Killer Klown blinks!
The Orb Guardian is engulfed in blazing flames.
The Orb Guardian hits you but does no damage.
You block the Orb Guardian's attack.
You slice the Orb Guardian!!
The Orb Guardian is severely wounded.
The electric golem is engulfed in blazing flames.
You block the electric golem's attack. The electric golem misses you.
You block the electric golem's attack.
The electric golem hits you but does no damage.
You block the Orb Guardian's attack.
The Orb Guardian is engulfed in blazing flames.
The Orb Guardian hits you!
You hit the Orb Guardian.
The Orb Guardian is almost dead.
You block the Orb Guardian's attack.
The electric golem is engulfed in blazing flames.
You block the electric golem's attack. x2
The electric golem hits you but does no damage.
You block the electric golem's attack.
The Orb Guardian is engulfed in blazing flames.
You block the Orb Guardian's attack.
The Orb Guardian is engulfed in blazing flames.
The Orb Guardian hits you.
You slash the Orb Guardian!
The Orb Guardian is almost dead.
The Orb Guardian is engulfed in blazing flames.
You kill the Orb Guardian!
You block the Orb Guardian's attack.
You slice the Orb Guardian!!
The Orb Guardian is severely wounded.
The electric golem is engulfed in blazing flames.
The electric golem blinks!
The Orb Guardian is engulfed in blazing flames.
You block the Orb Guardian's attack.
The Orb Guardian is engulfed in blazing flames.
The Orb Guardian hits you but does no damage.
You closely miss the Orb Guardian.
The Orb Guardian is almost dead.
You hear a loud "Zot"!
The Orb Guardian hits you!
You slash the Orb Guardian!
You kill the Orb Guardian!
You block the Orb Guardian's attack.
The Orb Guardian is engulfed in blazing flames.
You block the Orb Guardian's attack.
You slice the Orb Guardian!!
The Orb Guardian is moderately wounded.
You block the Orb Guardian's attack. x2
The Orb Guardian is engulfed in blazing flames.
You block the Orb Guardian's attack.
You slash the Orb Guardian!
The Orb Guardian is heavily wounded.
The electric golem blinks!
You block the Orb Guardian's attack.
You barely miss the Orb Guardian.
The Orb Guardian is heavily wounded.
You block the Orb Guardian's attack.
The Orb Guardian is engulfed in blazing flames.
You block the Orb Guardian's attack.
You barely miss the Orb Guardian.
The Orb Guardian is severely wounded.
The electric golem blinks!
You hit the Orb Guardian.
The Orb Guardian is severely wounded.
The Orb Guardian hits you!
The Orb Guardian is engulfed in blazing flames.
You block the Orb Guardian's attack.
The Killer Klown blinks!
You slash the Orb Guardian!
The Orb Guardian is almost dead.
The Orb Guardian is engulfed in blazing flames.
The Orb Guardian hits you but does no damage.
You block the Orb Guardian's attack. x2
The Orb Guardian is engulfed in blazing flames.
You kill the Orb Guardian!
You slash the Orb Guardian!
The Orb Guardian is moderately wounded.
The electric golem hurls lightning at you.
The bolt of lightning hits you. You resist. The bolt of lightning hits you!
You resist.
You slice the Orb Guardian!!
The Orb Guardian is heavily wounded.
You block the Orb Guardian's attack.
The Orb Guardian is engulfed in blazing flames.
The Orb Guardian barely misses you. You block the Orb Guardian's attack.
You barely miss the Orb Guardian.
The Orb Guardian is heavily wounded.
You block the Orb Guardian's attack.
The Orb Guardian is engulfed in blazing flames.
You block the Orb Guardian's attack.
You barely miss the Orb Guardian.
The Orb Guardian is heavily wounded.
You block the Orb Guardian's attack. The Orb Guardian hits you.
You slash the Orb Guardian!
The Orb Guardian is severely wounded.
You block the Orb Guardian's attack. x2
You closely miss the Orb Guardian.
The Orb Guardian is severely wounded.
The sentinel's mark upon you fades away.
You block the Orb Guardian's attack. x2
The electric golem crackles and sizzles.
You slash the Orb Guardian!
The Orb Guardian is severely wounded.
You block the Orb Guardian's attack. x3
You closely miss the Orb Guardian.
The Orb Guardian is severely wounded.
You block the electric golem's attack. x3; The electric golem hits you!
You block the Orb Guardian's attack.
You slice the Orb Guardian!!
You kill the Orb Guardian!
You block the Orb Guardian's attack. x2
The electric golem is engulfed in blazing flames.
The electric golem blinks!
You barely miss the Orb Guardian.
The Orb Guardian is lightly wounded.
You block the Orb Guardian's attack.
The Orb Guardian hits you but does no damage.
You block the Orb Guardian's attack.
You barely miss the Orb Guardian.
The Orb Guardian is lightly wounded.
The Orb Guardian hits you but does no damage.
You slash the Orb Guardian!
The Orb Guardian is moderately wounded.
You block the Orb Guardian's attack. x2
You barely miss the Orb Guardian.
The Orb Guardian is moderately wounded.
The Orb Guardian hits you but does no damage.
You slice the Orb Guardian!!
The Orb Guardian is heavily wounded.
You block the Orb Guardian's attack. The Orb Guardian hits you.
You slice the Orb Guardian!!
You kill the Orb Guardian!
You block the Orb Guardian's attack.
The Killer Klown blinks!
The Orb Guardian hits you!
You closely miss the Orb Guardian.
The electric golem blinks!
You slice the Orb Guardian!!
The Orb Guardian is moderately wounded.
You block the Orb Guardian's attack. x2
You slice the Orb Guardian!!
The Orb Guardian is heavily wounded.
You closely miss the Orb Guardian.
The Orb Guardian is heavily wounded.
You block the Orb Guardian's attack. The Orb Guardian hits you.
You slash the Orb Guardian!
The Orb Guardian is severely wounded.
The electric golem hurls lightning at you.
The bolt of lightning hits you! You resist.
You block the Orb Guardian's attack. x2
A black draconian comes into view. It is wielding a +0 hand axe.
You slice the Orb Guardian!!
You kill the Orb Guardian!
You slash the Orb Guardian!
The Orb Guardian is moderately wounded.
The electric golem crackles and sizzles.
The Orb Guardian hits you but does no damage.
You slice the Orb Guardian!!
The Orb Guardian is severely wounded.
The electric golem hurls lightning at you.
The bolt of lightning hits you! You resist.
The bolt of lightning hits the black draconian.
The black draconian completely resists.
You slice the Orb Guardian!!
You kill the Orb Guardian!
You slash the electric golem!
The electric golem is lightly damaged.
You block the electric golem's attack. x3
The electric golem hits you but does no damage.
You barely miss the electric golem.
The electric golem is lightly damaged.
You chop the electric golem into pieces!!!
The electric golem is heavily damaged.
The electric golem blinks!
The Killer Klown blinks!
Your extra speed is starting to run out.
You block the electric golem's attack. x2
The electric golem hits you but does no damage.
The electric golem completely misses you.
You closely miss the electric golem.
The electric golem is heavily damaged.
You block the electric golem's attack. x2
The electric golem hits you but does no damage.
The electric golem hits you!
You completely miss the electric golem.
The electric golem is heavily damaged.
You block the electric golem's attack.
The electric golem hits you but does no damage.
You block the electric golem's attack. x2
The black draconian breathes lightning at you.
The bolt of lightning misses you.
You barely miss the electric golem.
The electric golem is heavily damaged.
You block the electric golem's attack. x3; The electric golem misses you.
You miss the electric golem.
The electric golem is heavily damaged.
You hear a loud "Zot"!
You slice the electric golem!!
The electric golem is severely damaged.
You block the electric golem's attack. x2
The electric golem closely misses you.
The electric golem hits you but does no damage.
You slash the electric golem!
The electric golem is severely damaged.
The electric golem blinks!
You slice the black draconian!!
The black draconian is moderately wounded.
The black draconian is engulfed in blazing flames.
You block the black draconian's attack.
You slice the black draconian!!
The black draconian is severely wounded.
You feel yourself slow down.
The electric golem hurls lightning at you.
The bolt of lightning misses you.
You slice the black draconian!!
You kill the black draconian!
You block the electric golem's attack. The electric golem misses you.
You block the electric golem's attack. x2; The Killer Klown blinks!
You slice the electric golem!!
The electric golem is almost destroyed.
The electric golem hits you but does no damage. x2
You block the electric golem's attack. x2
You open the electric golem like a pillowcase!!!
You destroy the electric golem!
The Killer Klown is engulfed in blazing flames.
You closely miss the Killer Klown.
The Killer Klown is heavily wounded.
The Killer Klown pies you viciously! You block the klown pie.
You hit the Killer Klown.
The Killer Klown is heavily wounded.
You block the Killer Klown's attack.
You chop the Killer Klown into pieces!!!
The Killer Klown is severely wounded.
The Killer Klown is engulfed in blazing flames.
You block the Killer Klown's attack.
You chop the Killer Klown into pieces!!!
You kill the Killer Klown!
No target in view!
No target in view!
No target in view!
No target in view!
No target in view!
No target in view!
No target in view!
Found 3 silver javelins.
Found 27 gold pieces.
A shadow dragon comes into view.
The shadow dragon breathes negative energy at you.
The bolt of negative energy hits you!! You partially resist.
You feel drained.
You completely miss the shadow dragon.
You block the shadow dragon's attack. x3
You slash the shadow dragon!
The shadow dragon is lightly wounded.
The shadow dragon is engulfed in blazing flames.
You block the shadow dragon's attack. The shadow dragon barely misses you.
You block the shadow dragon's attack.
You cut the shadow dragon into ribbons!!!
The shadow dragon is severely wounded.
You slash the shadow dragon!
The shadow dragon is almost dead.
The shadow dragon is engulfed in blazing flames.
The shadow dragon breathes negative energy at you.
The bolt of negative energy hits you. You partially resist.
You feel drained.
You slash the shadow dragon!
The shadow dragon is almost dead.
You hit the shadow dragon.
You kill the shadow dragon!
Your Armour skill increases to level 21!
No target in view!
No target in view!
No target in view!
You feel a little less mighty now.
You now have 9480 gold pieces (gained 27).
Found the Orb of Zot.
You see here the Orb of Zot.
Found a scroll of brand weapon.
Found 28 gold pieces.
HP restored.
You now have 9508 gold pieces (gained 28).
A moth of wrath comes into view.
A moth of wrath is nearby!
A moth of wrath is nearby!
A moth of wrath is nearby!
The moth of wrath's fur bristles in rage as it notices you.
You block the moth of wrath's attack.
You hit the moth of wrath.
The moth of wrath is lightly wounded.
You block the moth of wrath's attack.
You slash the moth of wrath!
The moth of wrath is moderately wounded.
You block the moth of wrath's attack.
You slash the moth of wrath!
The moth of wrath is severely wounded.
You block the moth of wrath's attack.
You slice the moth of wrath!!
You kill the moth of wrath!
No target in view!
A - 4 potions of resistance (gained 1)
A shadow dragon comes into view.
A shadow dragon is nearby!
A shadow dragon is nearby!
The shadow dragon breathes negative energy at you.
The bolt of negative energy misses you.
You hit the shadow dragon but do no damage.
You slice the shadow dragon!!
The shadow dragon is lightly wounded.
The shadow dragon is engulfed in blazing flames.
You block the shadow dragon's attack. x2; The shadow dragon closely misses you.
You hit the shadow dragon but do no damage.
The shadow dragon is lightly wounded.
The shadow dragon is engulfed in blazing flames.
You block the shadow dragon's attack. x3
You slash the shadow dragon!
The shadow dragon is moderately wounded.
You hit the shadow dragon but do no damage.
The shadow dragon is moderately wounded.
The shadow dragon is engulfed in blazing flames.
You block the shadow dragon's attack. x3
You slice the shadow dragon!!
The shadow dragon is severely wounded.
The shadow dragon is engulfed in blazing flames.
You block the shadow dragon's attack.
The shadow dragon claws you but does no damage.
You block the shadow dragon's attack.
You hit the shadow dragon but do no damage.
The shadow dragon is severely wounded.
You closely miss the shadow dragon.
The shadow dragon is severely wounded.
The shadow dragon is engulfed in blazing flames.
You block the shadow dragon's attack. x2; The shadow dragon barely misses you.
You slash the shadow dragon!
The shadow dragon is almost dead.
You slash the shadow dragon!
The shadow dragon is almost dead.
The shadow dragon is engulfed in blazing flames.
You kill the shadow dragon!
No target in view!
No target in view!
No target in view!
No target in view!
C - 5 scrolls of brand weapon (gained 1)
You see here the Orb of Zot.
You now have 9575 gold pieces (gained 67).
You see here a +0 hand axe.
You see here a +9 antimagic club.
Done exploring.
Done exploring.
Done exploring.
Okay, then.
Okay, then.
Okay, then.
Really quaff the potion of mutation?
You feel extremely strange.
Your urge to shout disappears.
Your magic regains its normal vibrancy.
Your body's shape seems more normal.
You feel a strange attunement to the structure of the dungeons.
Really quaff the potion of mutation?
You feel extremely strange.
You no longer become unable to drink potions after taking damage.
You feel slightly disoriented.
You feel weaker.
You feel insulated.
Really quaff the potion of mutation?
You feel extremely strange.
You feel conductive.
You feel stronger.
You feel your surroundings grow quieter.
You feel resistant to poisons.
You feel your magical essence link to the dungeon's wands.
You feel agile.
Really quaff the potion of mutation?
You feel extremely strange.
Your magical essence no longer links to wands of the dungeon.
You feel less resistant to poisons.
You feel your surroundings grow louder.
You feel stronger.
Really quaff the potion of mutation?
You feel extremely strange.
You no longer feel vulnerable to heat.
You feel clumsy.
You feel a hidden potential growing inside you.
You no longer feel a hidden potential within.
Unknown command.
You see here the Orb of Zot.
You pick up the Orb of Zot!
The Orb lets out a hideous shriek!
The lords of Pandemonium are not amused.
Beware!
Now all you have to do is get back out of the dungeon!
An angel comes into view. It is wielding a +3 whip of holy wrath.
You completely miss the angel. You hit the angel.
The angel is lightly wounded.
You block the angel's attack. x2
You miss the angel.
The angel is lightly wounded.
You block the angel's attack. x2
You hit the angel but do no damage.
The angel is lightly wounded.
You block the angel's attack. x2
You barely miss the angel.
The angel is lightly wounded.
You block the angel's attack. x2
You completely miss the angel.
The angel is lightly wounded.
You block the angel's attack. x2
An angel comes into view. It is wielding a +3 whip of holy wrath.
You hit the angel.
The angel is lightly wounded.
You block the angel's attack. x2
You hit the angel.
The angel is lightly wounded.
You block the angel's attack. x2
You slice the angel!!
The angel is moderately wounded.
You block the angel's attack. x2
You closely miss the angel.
The angel is moderately wounded.
You block the angel's attack. x3; The angel barely misses you.
You completely miss the angel.
The angel is moderately wounded.
The angel hits you with a +3 whip of holy wrath.
You convulse.
You block the angel's attack.
The angel hits you with a +3 whip of holy wrath.
You convulse.
You block the angel's attack.
You slash the angel!
The angel is heavily wounded.
You block the angel's attack. x2
The angel gestures.
The angel is healed somewhat.
You miss the angel.
The angel is heavily wounded.
You block the angel's attack.
The angel hits you but does no damage. x3
You hit the angel.
The angel is heavily wounded.
You block the angel's attack. x3; The angel closely misses you.
You hit the angel.
The angel is heavily wounded.
You block the angel's attack. The angel hits you but does no damage.
The angel gestures.
The angel is healed somewhat.
You hit the angel but do no damage.
The angel is heavily wounded.
You block the angel's attack.
The angel hits you with a +3 whip of holy wrath!
You convulse!
You closely miss the angel.
The angel is heavily wounded.
You block the angel's attack. x2; The angel hits you but does no damage. x2
You block the angel's attack. x2
You closely miss the angel.
The angel is heavily wounded.
You block the angel's attack. x2
You slice the angel!!
The angel is severely wounded.
You block the angel's attack.
The angel hits you with a +3 whip of holy wrath!
You convulse.
You block the angel's attack.
The angel hits you with a +3 whip of holy wrath.
You convulse.
You hit the angel.
The angel is severely wounded.
You block the angel's attack. The angel hits you but does no damage.
You block the angel's attack. x2
You hit the angel but do no damage.
The angel is severely wounded.
You block the angel's attack. x3; The angel hits you but does no damage.
The angel gestures.
The angel is healed somewhat.
You completely miss the angel.
The angel is heavily wounded.
You block the angel's attack. The angel hits you but does no damage.
You slash the angel!
The angel is severely wounded.
You block the angel's attack. x2; The angel hits you but does no damage.
You block the angel's attack.
You barely miss the angel.
The angel is severely wounded.
The angel gestures.
The angel is healed somewhat.
You block the angel's attack. x2
You miss the angel.
The angel is severely wounded.
You block the angel's attack. x3; The angel hits you but does no damage.
You barely miss the angel.
The angel is severely wounded.
The angel gestures.
The angel is healed somewhat.
You block the angel's attack. x2
You miss the angel.
The angel is heavily wounded.
You block the angel's attack. x3; The angel completely misses you.
You slice the angel!!
The angel is almost dead.
You block the angel's attack. x3; The angel closely misses you.
You slash the angel!
You kill the angel!
You barely miss the angel. You block the angel's attack. x2
You closely miss the angel. You block the angel's attack. x2
You barely miss the angel. You block the angel's attack.
The angel hits you but does no damage. You block the angel's attack.
The angel hits you but does no damage.
You completely miss the angel. The angel barely misses you.
You block the angel's attack.
You hit the angel.
The angel is lightly wounded.
You block the angel's attack. x2
You slice the angel!!
The angel is moderately wounded.
You barely miss the angel.
The angel is moderately wounded.
You block the angel's attack. x2
You closely miss the angel.
The angel is moderately wounded.
You block the angel's attack. x2
You miss the angel.
The angel is moderately wounded.
You block the angel's attack. The angel hits you but does no damage.
You miss the angel.
The angel is moderately wounded.
You block the angel's attack. x2
You miss the angel.
The angel is moderately wounded.
The angel hits you but does no damage. You block the angel's attack.
You completely miss the angel.
The angel is moderately wounded.
You block the angel's attack. x2
You slice the angel!!
The angel is heavily wounded.
You block the angel's attack. x2
You slash the angel!
The angel is heavily wounded.
You block the angel's attack. x2
You miss the angel.
The angel is heavily wounded.
You block the angel's attack. x2
You slash the angel!
The angel is severely wounded.
You block the angel's attack. x2
You closely miss the angel.
The angel is severely wounded.
You block the angel's attack. x2
You slice the angel!!
The angel is almost dead.
The angel gestures.
The angel is healed somewhat.
You slash the angel!
The angel is almost dead.
You block the angel's attack. The angel hits you but does no damage.
You hit the angel but do no damage.
The angel is almost dead.
You completely miss the angel.
The angel is almost dead.
You block the angel's attack. The angel hits you but does no damage.
The angel gestures.
The angel is healed somewhat.
You slash the angel!
You kill the angel!
No target in view!
No target in view!
An Executioner and 2 large abominations come into view.
Really walk into that permanent teleport trap?
You enter a permanent teleport trap!
Your surroundings suddenly seem different.
There is an open door here.
You see here a scroll of identify.
You hear a grinding noise.
You hear a grinding noise.
A cacodemon comes into view.
You can't go up here!
A sixfirhy comes into view.
An orange demon comes into view.
You slash the sixfirhy!
The sixfirhy is heavily wounded.
You draw a card...
You reveal a symbol of torment!
You have drawn Pain.
Press: ? - help, Shift-Dir - straight line, f - cacodemon
Aim: a cacodemon The bolt of negative energy hits the sixfirhy.
The sixfirhy completely resists.
The sixfirhy is heavily wounded.
The bolt of negative energy hits the cacodemon.
The cacodemon completely resists.
A sixfirhy comes into view.
You draw a card...
You have drawn Wild Magic.
Heat is drained from the sixfirhy!
The cacodemon is hit by flying rocks.
The sixfirhy has an odd expression for a moment!!
The sixfirhy is poisoned.
The orange demon twitches.
The orange demon seems to slow down.
You feel a surge of magic. You block the sixfirhy's attack.
The sixfirhy misses you.
Unknown command.
You draw a card...
You have drawn the Storm.
A mighty gale blasts forth from the card!
The orange demon, the cacodemon and the sixfirhy are blown away by the wind.
The sixfirhy collides with the cacodemon!
The cacodemon is moderately wounded.
You kill the sixfirhy!
You hear cataclysmic peals of thunder!
Unknown command.
Unknown command.
Unknown command.
Unknown command.
Unknown command.
Unknown command.
Unknown command.
Unknown command.
Unknown command.
Unknown command.
Unknown command.
Unknown command.
Unknown command.
You feel yourself speed up. You block the sixfirhy's attack.
You miss the sixfirhy.
The sixfirhy is heavily wounded.
You block the sixfirhy's attack. x2
You miss the sixfirhy.
The sixfirhy is heavily wounded.
You block the sixfirhy's attack.
You feel very mighty all of a sudden. You block the sixfirhy's attack. x2
You slice the sixfirhy!!
The sixfirhy is almost dead.
You slash the sixfirhy!
You kill the sixfirhy!
A Brimstone Fiend comes into view.
The cacodemon hits you but does no damage.
You block the cacodemon's attack.
You see here a +0 cloak.
You hit the cacodemon.
The cacodemon is moderately wounded.
You completely miss the cacodemon.
The cacodemon is moderately wounded.
You slice the cacodemon!!
The cacodemon is heavily wounded.
You block the cacodemon's attack.
The cacodemon hits you but does no damage.
You slice the cacodemon!!
The cacodemon is almost dead.
You slash the cacodemon!
You kill the cacodemon!
You block the orange demon's attack.
You slice the orange demon!!
The orange demon is heavily wounded.
You completely miss the orange demon.
The orange demon is heavily wounded.
The orange demon is no longer moving slowly.
You block the orange demon's attack. x2
You barely miss the orange demon.
The orange demon is heavily wounded.
You slice the orange demon like a ripe choko!!!
You kill the orange demon!
The Brimstone Fiend hits you but does no damage.
You block the Brimstone Fiend's attack.
The Brimstone Fiend hits you but does no damage.
You slash the Brimstone Fiend!
The Brimstone Fiend is lightly wounded.
You hit the Brimstone Fiend.
The Brimstone Fiend is moderately wounded.
The Brimstone Fiend gestures at you.
The sphere of damnation explodes!
The damnation engulfs you!!
The damnation engulfs the Brimstone Fiend.
The Brimstone Fiend completely resists.
You slice the Brimstone Fiend!!
The Brimstone Fiend is heavily wounded.
You slice the Brimstone Fiend!!
The Brimstone Fiend is severely wounded.
You slash the Brimstone Fiend!
The Brimstone Fiend is almost dead.
You block the Brimstone Fiend's attack.
The Brimstone Fiend hits you but does no damage. x2
You hit the Brimstone Fiend but do no damage.
The Brimstone Fiend is almost dead.
You slash the Brimstone Fiend!
The Brimstone Fiend is almost dead.
The Brimstone Fiend calls on the powers of darkness!
Your body is wracked with pain!
You hit the Brimstone Fiend.
You kill the Brimstone Fiend!
Aiming: Dig
Press: ? - help, Shift-Dir - straight line A rock wall.
This square is covered in magical glow.
The rock shatters into small pieces.
There is a stone staircase leading up here.
You climb upwards.
There is a stone staircase leading down here.
Magic restored.
Your extra speed is starting to run out.
You feel yourself slow down.
Things that are here:
a +0 cloak; a +0 long sword
There is a stone staircase leading up, spattered with blood here.
You climb upwards.
There is a stone staircase leading down, spattered with blood here.
Things that are here:
a +0 cloak; a +0 long sword
There is an open door here.
A soul eater comes into view.
You can't go up here!
You slice the soul eater!!
The soul eater is heavily wounded.
You closely miss the soul eater.
The soul eater is heavily wounded.
You block the soul eater's attack.
You slash the soul eater!
The soul eater is severely wounded.
You hit the soul eater but do no damage.
The soul eater is severely wounded.
You block the soul eater's attack.
You barely miss the soul eater.
The soul eater is severely wounded.
You block the soul eater's attack.
You closely miss the soul eater.
The soul eater is severely wounded.
You hit the soul eater but do no damage.
The soul eater is severely wounded.
The soul eater hits you but does no damage.
You slice the soul eater!!
You kill the soul eater!
There is a stone staircase leading up here.
You climb upwards.
There is a stone staircase leading down here.
There is a stone staircase leading down here.
You feel a little less mighty now.
Things that are here:
a +1 cloak of willpower; a +0 long sword
There is a large open door here.
You see here a +0 short sword.
Things that are here:
a +0 cloak; a +6 battleaxe of distortion You see here a +0 glaive.
You see here a +2 short sword of protection.
You see here a +0 glaive.
There is a stone staircase leading up, spattered with blood here.
You climb upwards.
There is a stone staircase leading down, spattered with blood here.
You see here a +0 cloak.
HP restored.
There is an open door here.
There is a gate leading back out of this place, spattered with blood here.
You go up through the gate.
Welcome back to the Depths!
There is a gate to the Realm of Zot here.
A Raatuif, a hellwing, an Ice Fiend and a reaper come into view.
The reaper is wielding a +4 scythe of pain.
The Ice Fiend roars!
You can't go up here!
As you read the scroll of teleportation, it crumbles to dust.
You feel strangely unstable.
You feel the Orb delaying your translocation!
Raatuif gestures.
You are confused.
You're too confused to move!
The reaper barely misses you.
Things that are here:
a +0 cloak; a +0 short sword You feel better.
The reaper hits you with a +4 scythe of pain!
You writhe in agony.
You hit the reaper.
The reaper is lightly wounded.
You slice the reaper!!
The reaper is heavily wounded.
You block the reaper's attack.
You slash the reaper!
The reaper is severely wounded.
You hit the reaper but do no damage.
The reaper is severely wounded.
The hellwing swoops through the air toward you!
You block the hellwing's attack. x2; You block the reaper's attack.
You slash the reaper!
The reaper is almost dead.
You block the hellwing's attack. x2; The reaper hits you but does no damage.
You writhe in agony.
As you read the scroll of silence, it crumbles to dust.
A profound silence engulfs you. You block the hellwing's attack. x2
You block the reaper's attack.
You slash the reaper!
You kill the reaper!
You hit Raatuif but do no damage. Raatuif gestures at you.
The bolt of negative energy misses you. You block the hellwing's attack. x2
You slice Raatuif!!
Raatuif is lightly wounded.
You block Raatuif's attack. You block the hellwing's attack. x2
You hit Raatuif but do no damage.
Raatuif is lightly wounded.
You block Raatuif's attack.
You slice Raatuif!!
Raatuif is moderately wounded.
Raatuif hits you but does no damage.
The hellwing hits you but does no damage.
You block the hellwing's attack.
Press: ? - help, v - describe, . - travel, g - get item
Here: Raatuif (silenced, moderately wounded, unaffected by silence) Item here: a +4 scythe of pain.
An open door, spattered with blood.
Unknown command.
You hit Raatuif but do no damage.
Raatuif is moderately wounded.
You block Raatuif's attack.
You hit Raatuif but do no damage.
Raatuif is moderately wounded.
Your surroundings suddenly seem different.
A sixfirhy comes into view.
The sixfirhy moves out of view.
Things that are here:
a +0 leather armour; a +0 great mace A hell beast comes into view.
There is a stone staircase leading up, spattered with blood here.
You climb upwards.
There is a stone staircase leading down, spattered with blood here.
Things that are here:
a +0 buckler; a +0 robe; a +1 demon whip of electrocution
There is a stone staircase leading up here.
You climb upwards.
There is a stone staircase leading down here.
There is a stone staircase leading up here.
You climb upwards.
There is a stone staircase leading down here.
Your hearing returns.
An Orb Guardian comes into view.
You can't go up here!
You see here 7 large rocks.
There is a staircase back to the Dungeon here.
You climb upwards.
Welcome back to the Dungeon!
There is a staircase to the Depths here.
There is an open door here.
There is an open door, spattered with blood here.
You see here a +0 halberd.
You see here a +0 longbow.
A demonic crawler comes into view.
You can't go up here!
Things that are here:
a +4 antimagic flail; a +0 chain mail; a +2 vampiric broad axe You block the demonic crawler's attack. x2
The demonic crawler hits you but does no damage.
You hit the demonic crawler.
The demonic crawler is lightly wounded.
The demonic crawler shrieks in warning!
You block the demonic crawler's attack. x3
The demonic crawler hits you but does no damage.
The demonic crawler barely misses you. You block the demonic crawler's attack.
You block the demonic crawler's attack. x2
The demonic crawler hits you but does no damage.
There is a stone staircase leading up, spattered with blood here.
You block the demonic crawler's attack. x2
The demonic crawler hits you but does no damage.
You climb upwards.
There is a stone staircase leading down, spattered with blood here.
You hit the demonic crawler but do no damage.
The demonic crawler is lightly wounded.
You block the demonic crawler's attack. The demonic crawler closely misses you.
You block the demonic crawler's attack.
You hit the demonic crawler but do no damage.
The demonic crawler is lightly wounded.
You block the demonic crawler's attack. x3
You hit the demonic crawler.
The demonic crawler is lightly wounded.
You block the demonic crawler's attack. x3
You slash the demonic crawler!
The demonic crawler is heavily wounded.
The demonic crawler hits you but does no damage.
You block the demonic crawler's attack. x2
You block the demonic crawler's attack. x2
The demonic crawler hits you but does no damage.
The demonic crawler attacks as you move away!
The demonic crawler hits you.
The demonic crawler completely misses you.
The demonic crawler hits you but does no damage.
The demonic crawler attacks as you move away!
The demonic crawler hits you but does no damage.
You block the demonic crawler's attack. x2
The demonic crawler attacks as you move away!
You block the demonic crawler's attack. x2
The demonic crawler hits you but does no damage.
You block the demonic crawler's attack. The demonic crawler hits you!
You block the demonic crawler's attack.
The demonic crawler attacks as you move away!
The demonic crawler hits you.
You block the demonic crawler's attack. x2
An Orb Guardian comes into view.
The demonic crawler barely misses you.
You block the demonic crawler's attack. x2
There is a stone staircase leading up here.
You block the demonic crawler's attack. x3
The demonic crawler barely misses you. You block the demonic crawler's attack.
The demonic crawler hits you but does no damage.
You climb upwards.
There is a stone staircase leading down here.
You slice the demonic crawler!!
The demonic crawler is almost dead.
You slice the demonic crawler!!
You kill the demonic crawler!
Your life force feels restored.
You see here a demonic crawler corpse.
There is an open door here.
There is a stone staircase leading up here.
You climb upwards.
Level annotation: 1 runed translucent door
There is a stone staircase leading down, spattered with blood here.
You see here a +0 war axe.
There is a stone staircase leading up here.
You climb upwards.
Level annotation: 2 runed translucent doors, timneilson's ghost, journeyman GrFi
There is a stone staircase leading down here.
There is a stone staircase leading up here.
You climb upwards.
There is a stone staircase leading down here.
Items here: )) [[.
There is a stone staircase leading up here.
You climb upwards.
Level annotation: 1 transporter
There is a stone staircase leading down here.
There is a stone staircase leading up here.
You see here a +0 longbow.
You climb upwards.
There is a stone staircase leading down here.
You see here a +1 spear of freezing.
Things that are here:
a +0 ring mail; a +0 trident You see here a +0 club.
You see here a +0 spear.
A daeva comes into view.
It is wielding a +4 eudemon blade of holy wrath and wearing the +2 tower shield of Ocabaic {+Inv rPois Str-5}.
You can't go up here!
You feel yourself speed up.
The daeva calls down the wrath of the Shining One upon you.
The Shining One smites you!
Pumeof comes into view. It is armed with a painful touch.
An ice devil comes into view.
Press: ? - help, v - describe, . - travel An open door.
This square is covered in magical glow.
You miss Pumeof.
Unknown command.
Press: ? - help, v - describe, . - travel
Here: Pumeof, armed with a painful touch An open door.
Blink to where?
Press: ? - help, Dir - move target
As you read the scroll of blinking, it crumbles to dust.
Pumeof gestures at you. You resist with almost no effort.
There is a stone staircase leading up here.
You climb upwards.
There is a stone staircase leading down here.
Things that are here:
a +0 whip; a +0 short sword; a +0 short sword
Things that are here:
a stone; a +0 short sword An Orb Guardian comes into view.
You can't go up here!
You block the Orb Guardian's attack.
There is an open door here.
Your extra speed is starting to run out.
There is a stone staircase leading up here.
Okay, then.
You climb upwards.
Level annotation: 3 runed translucent doors, KennySheep's ghost, novice BaTm
There is a stone staircase leading down here.
You feel yourself slow down.
There is an escape hatch in the ceiling here.
A mysterious force pulls you upwards. The hatch slams shut behind you.
There is an open door here.
There is a stone staircase leading up here.
You climb upwards.
There is a stone staircase leading down here.
There is a stone staircase leading up here.
You climb upwards.
There is a stone staircase leading down here.
A green death comes into view.
You can't go up here!
You feel yourself speed up. The green death gestures at you.
You block the poison arrow.
There is a stone staircase leading down here.
Aiming: Dig
Press: ? - help, Shift-Dir - straight line A rock wall.
This square is covered in magical glow.
The rock shatters into small pieces.
There is an escape hatch in the ceiling here.
Okay, then.
A mysterious force pulls you upwards. The hatch slams shut behind you.
There is a stone staircase leading up here.
You climb upwards.
There is a stone staircase leading down here.
Your extra speed is starting to run out.
You see here a hobgoblin skeleton.
You feel yourself slow down.
There is an escape hatch in the floor here.
A Brimstone Fiend comes into view.
You can't go up here!
The Brimstone Fiend roars!
There is a staircase leading out of the dungeon here.
You have escaped!

....#.#.# #########...###.#..##
...##.#.#####.......##### #......
#.###.#.....#.#####.########.....
### #.#######.# #.#............
#.# #..#.# #.########..... #.#
#.##.#####.# #.....
#.####..#.#.#.#.# ##.###
#....#.##.......# #># #
##.....###...@...# #.###
####......# #.......# #...#
.##.......###.#.#.#.# ###.#
#..........##.#####.## #.#
.##.........8.8###8.8# #.#
##...................##########.#
#..........##..#.##.............#
.....#...#.#.....##..1###########
....###.##.#.....###...## ######


There were no monsters in sight!

Vanquished Creatures
  2 ancient liches
  6 dread liches
  4 orbs of fire
  4 juggernauts
  Mennas (Vaults:5)
  Boris (Vaults:5)
  9 Killer Klowns
  Saint Roka (Vaults:1)
  Margery (Vaults:4)
  Frederick (Depths:4)
  A caustic shrike (Depths:3)
  3 curse toes
  14 golden dragons
  A Hellbinder (WizLab)
  Jory (Crypt:3)
  2 Brimstone Fiends
  Arachne (Spider:2)
  9 electric golems
  An iron giant (Vaults:3)
  4 liches
  A shard shrike zombie (Crypt:3)
  Jorgrun (Lair:3)
  19 tentacled monstrosities
  4 walking earthen tomes
  25 Orb Guardians (Zot:5)
  A walking frostbound tome (Depths:3)
  5 quicksilver dragons
  3 walking divine tomes
  13 titans
  4 deep elf blademasters
  2 deep elf master archers (Elf:3)
  8 acid blobs
  5 ancient champions
  7 sphinxes
  6 thorn hunters
  11 death cobs
  5 tengu reavers
  16 storm dragons
  16 draconian monks
  9 shadow dragons
  12 draconian knights
  Kirke (Lair:4)
  An azure jelly (Depths:2)
  3 revenants
  Donald (Spider:1)
  The ghost of Becogod the Earth Mage, an adept GrEE of Vehumet (Spider:3)
  2 balrugs
  14 fire giants
  7 deep elf sorcerers
  3 cacodemons
  6 ghost moths
  18 vault wardens
  4 fenstrider witches
  6 iron dragons
  10 ghouls
  A caustic shrike zombie (Crypt:3)
  An imperial myrmidon (Desolation)
  2 angels (Zot:5)
  6 emperor scorpions
  5 draconian scorchers
  18 frost giants
  4 draconian stormcallers
  2 juggernaut zombies
  3 curse skulls
  24 stone giants
  13 draconian annihilators
  10 draconian shifters
  2 deep elf elementalists (Elf:3)
  3 broodmothers
  3 spriggan defenders
  14 ironbound preservers
  4 war gargoyles
  A demonspawn blood saint (WizLab)
  3 reapers
  A juggernaut skeleton (Crypt:3)
  24 very ugly things
  5 ironbound thunderhulks
  2 eleionomae
  A quicksilver ooze (Depths:2)
  A lorocyproca (WizLab)
  14 green draconians
  22 vampire knights
  18 black draconians
  11 deep elf annihilators
  14 purple draconians
  Azrael (D:14)
  5 deep elf demonologists
  9 bunyips
  14 spark wasps
  The ghost of NinjaNoafa the Thaumaturge, a journeyman DrIE of Sif Muna (Lair:5)
  A bunyip (shapeshifter) (Vaults:4)
  15 red draconians
  25 yellow draconians
  11 white draconians
  A minotaur (Vaults:4)
  10 dire elephants
  6 eidola
  7 ettins
  Josephine (D:11)
  9 jiangshi
  4 crystal guardians
  7 deep elf death magi
  4 green deaths
  4 spriggan zombies (Crypt:3)
  12 yaktaur captains
  10 fire dragons
  5 ragged hierophants (Desolation)
  2 shambling mangroves
  2 deep elf high priests (Vaults:5)
  8 entropy weavers
  13 hydras
  Fannar (Lair:2)
  4 rakshasas
  44 vault guards
  5 peacekeepers
  2 quicksilver dragon skeletons (Crypt:1)
  A caustic shrike simulacrum (Depths:3)
  10 ice dragons
  5 servants of whispers
  A fenstrider witch zombie (Crypt:3)
  2 jorogumos
  Harold (D:10)
  6 great orbs of eyes
  2 catoblepae (Lair:5)
  A juggernaut simulacrum (Crypt:1)
  3 radroaches
  A spriggan skeleton (Crypt:3)
  3 ghost crabs
  22 centaur warriors
  5 boulder beetles
  An alligator (shapeshifter) (Vaults:5)
  6 spriggan air magi
  6 alligators
  A two-headed ogre (shapeshifter) (Vaults:5)
  4 ogre magi
  10 ironbound frosthearts
  6 two-headed ogres
  28 dancing weapons
  16 deep troll shamans
  4 death knights
  17 vampire magi
  9 deep troll earth magi
  9 spriggan berserkers
  4 orc high priests
  12 tengu warriors
  2 death yaks (Lair:2)
  An emperor scorpion zombie (Crypt:3)
  A hell hog (Depths:3)
  Urug (Lair:2)
  5 hell knights
  A storm dragon zombie (Crypt:1)
  2 titan zombies (Crypt:3)
  4 sun demons
  A titan skeleton (Depths:3)
  Sonja (Orc:2)
  9 deep elf knights (Elf:2)
  5 shock serpents (Zot:3)
  14 iron trolls
  7 sixfirhies
  7 soul eaters
  8 pharaoh ants
  3 salamander mystics (Depths:4)
  A sun moth (Spider:2)
  2 shadow wraiths (Crypt:1)
  A steelbarb worm (shapeshifter) (Vaults:5)
  A fire crab (Lair:5)
  A bunyip zombie (Crypt:1)
  2 goliath frogs (Swamp:2)
  A golden dragon zombie (Crypt:3)
  A death drake (Spider:3)
  4 glowing orange brains
  4 swamp dragons
  An anaconda zombie (Crypt:3)
  5 bog bodies
  7 spriggan druids
  12 steelbarb worms
  5 orb spiders
  A golden dragon skeleton (Crypt:2)
  48 deep trolls
  39 skeletal warriors
  2 shadow demons (WizLab)
  9 flayed ghosts
  An anaconda skeleton (Crypt:2)
  7 lindwurms
  17 wizards
  5 wolf spider zombies (Spider:4)
  26 phantasmal warriors
  5 spectral wolf spiders (Spider:4)
  22 wolf spiders
  A goliath frog zombie (Crypt:3)
  An orange crystal statue (Vaults:1)
  A harpy (Vaults:1)
  11 orc knights
  An obsidian statue (Zot:5)
  3 oklob plants (Zot:2)
  5 deep elf archers
  23 ironbound convokers
  13 necromancers
  52 ugly things
  30 deep elf pyromancers
  15 deep elf zephyrmancers
  3 will-o-the-wisps
  A stone giant zombie (Vaults:2)
  A fire giant zombie (Vaults:2)
  A manticore (D:15)
  6 salamanders (Depths:4)
  6 orc sorcerers
  12 elephants (Lair:2)
  20 moths of wrath
  5 cyclopes
  6 rust devils
  12 centaur zombies
  18 vault sentinels
  An eye of devastation (Vaults:3)
  5 molten gargoyles (Desolation)
  4 black mambas
  An eye of devastation (shapeshifter) (Depths:3)
  4 guardian serpents
  A naga mage (D:15)
  9 orange demons
  A shock serpent skeleton (Crypt:1)
  9 torpor snails
  3 gargoyles
  18 cane toads
  A yaktaur zombie (Vaults:1)
  8 demonic crawlers
  3 centaur skeletons (D:15)
  3 rime drakes
  8 freezing wraiths
  6 komodo dragons
  31 yaktaurs
  3 kobold demonologists
  5 tengu conjurers
  2 unseen horrors
  3 hellwings
  6 red devils (WizLab)
  10 trolls
  A hydra zombie (Crypt:3)
  A yaktaur skeleton (Vaults:1)
  A harpy zombie (Crypt:3)
  3 human skeletons
  An iron troll skeleton (Crypt:3)
  13 tyrant leeches
  A bloated husk (Swamp:1)
  4 meliai
  2 merfolk (shapeshifter)
  12 polar bears
  A hydra skeleton (Crypt:1)
  A harpy skeleton (Crypt:1)
  5 raiju
  14 hornets
  25 slime creatures
  6 wolf spider simulacra
  39 saltlings
  25 blink frogs
  A boulder beetle zombie (Crypt:3)
  An ettin zombie (Crypt:1)
  27 tarantellas
  A tarantella (shapeshifter) (Lair:3)
  2 meliai zombies (D:12)
  A dream sheep (Lair:5)
  9 water elementals
  21 jumping spiders
  An alligator zombie (Crypt:2)
  An air elemental (Elf:2)
  19 wraiths
  19 spriggans
  An ettin skeleton (Crypt:1)
  A spriggan (shapeshifter) (Vaults:5)
  A shadow (D:11)
  A wyvern (shapeshifter) (D:14)
  4 basilisks
  22 culicivoras
  A vampire (D:8)
  2 ynoxinuls
  A human (shapeshifter) (Depths:2)
  3 chaos spawn
  58 yaks
  6 fire elementals
  4 wyverns
  3 steam dragons
  2 hogs (Lair:4)
  A human (Depths:4)
  A wind drake skeleton (Crypt:1)
  3 neqoxecs
  55 redbacks
  2 vampire mosquitoes (D:11)
  17 swamp worms
  13 wargs
  A merfolk zombie (Crypt:1)
  A swamp worm (shapeshifter) (Vaults:5)
  14 water moccasins
  3 acid dragons
  16 hell hounds
  An ettin simulacrum (Vaults:2)
  A floating eye (Depths:2)
  2 swamp drakes
  3 glowing shapeshifter skeletons
  A naga skeleton (Crypt:1)
  31 orc warriors
  4 ice beasts
  11 black bears (Lair:5)
  A snapping turtle zombie (Crypt:2)
  2 human zombies
  2 sky beasts
  3 ogres
  29 wolves
  2 blink frog zombies (Crypt:3)
  10 boggarts (Vaults:1)
  2 centaurs
  An elephant skeleton (Crypt:1)
  A phantom (D:5)
  4 kobold brigands
  4 gnoll sergeants
  A draconian zombie (Crypt:2)
  3 necrophages
  4 scorpions
  2 earth elementals
  14 bullfrogs
  A wyvern skeleton (Crypt:3)
  5 wights
  5 killer bees (D:9)
  3 howler monkeys (D:11)
  4 electric eels
  A wolf skeleton (Crypt:2)
  4 hounds
  25 jellies
  A black bear zombie (Crypt:2)
  17 orc priests
  32 orc wizards
  3 iguanas
  5 lightning spires (Zot:3)
  Robin (D:2)
  6 adders
  19 gnolls
  2 howler monkey skeletons
  A shadow imp (D:7)
  2 white imps
  An adder zombie (Crypt:3)
  2 worms
  A dart slug (D:1)
  81 orcs
  7 ball pythons
  12 endoplasms
  3 giant cockroaches
  A gnoll zombie (Crypt:1)
  9 goblins
  9 hobgoblins
  25 kobolds
  5 quokkas
  11 bats
  5 frilled lizards
  A kobold zombie (Crypt:1)
  6 rats
  A rat zombie (Crypt:1)
  3 briar patches (Swamp:4)
2636 creatures vanquished.

Vanquished Creatures (collateral kills)
  2 acid blobs (Zot:2)
  A tengu reaver (Depths:3)
  A storm dragon (Depths:4)
  An azure jelly (Zot:4)
  A draconian shifter (Zot:2)
  A draconian scorcher (Depths:4)
  2 vault wardens
  A draconian annihilator (Zot:4)
  An eleionoma (Zot:4)
  2 yellow draconians (Zot:2)
  A red draconian (Zot:2)
  A servant of whispers (Desolation)
  2 saltlings (Desolation)
17 creatures vanquished.

Vanquished Creatures (others)
  A storm dragon (Zot:3)
  A fire giant (Depths:3)
  2 draconian shifters (Zot:3)
  A draconian stormcaller (Zot:2)
  A black draconian (Zot:3)
  A wizard (Vaults:1)
  A deep elf zephyrmancer (Elf:1)
  A manticore (D:14)
  A tarantella (Spider:3)
  A hornet (Depths:4)
  A tyrant leech (Swamp:1)
  A saltling (Desolation)
  A human (Lair:4)
  A boggart (Vaults:1)
  An ufetubus (D:4)
  5 ball lightnings (Zot:3)
  8 briar patches (Swamp:4)
  21 foxfires
  29 fungi
  33 plants
112 creatures vanquished.

Grand Total: 2765 creatures vanquished

Notes
Turn   | Place    | Note
-------+----------+-------------------------------------------
     0 | D:1      | sleeves the Demonspawn Gladiator began the quest for the
                  | Orb.
     0 | D:1      | Reached XP level 1. HP: 16/16 MP: 1/1
    34 | D:1      | HP: 8/16 [kobold/+0 dagger (3)]
    35 | D:1      | Reached skill level 3 in Long Blades
   101 | D:1      | Gained mutation: Your demonic aura sometimes causes spilled
                  | blood to erupt in flames. [demonic ancestry]
   101 | D:1      | Reached XP level 2. HP: 19/22 MP: 2/2
   724 | D:2      | Noticed Robin
   726 | D:2      | Gained mutation: You are partially covered in large bone
                  | plates. (SH +4) [demonic ancestry]
   726 | D:2      | Reached XP level 3. HP: 22/27 MP: 3/3
   887 | D:2      | Reached skill level 4 in Long Blades
   955 | D:2      | Killed Robin
  1262 | D:2      | Gained mutation: You regenerate magic rapidly. [demonic
                  | ancestry]
  1262 | D:2      | Reached XP level 4. HP: 33/33 MP: 4/4
  1717 | D:3      | Noticed a scorpion
  1728 | D:3      | Killed a scorpion
  1729 | D:3      | Reached skill level 5 in Long Blades
  1729 | D:3      | Reached XP level 5. HP: 22/38 MP: 5/5
  1732 | D:3      | HP: 19/38 [poisoned by a scorpion]
  2553 | D:3      | Found a shimmering blue altar of Sif Muna.
  2672 | D:4      | Noticed a steam dragon
  2846 | D:4      | Killed a steam dragon
  2847 | D:4      | Reached skill level 6 in Long Blades
  2847 | D:4      | Gained mutation: You are mostly covered in large bone
                  | plates. (SH +6) [demonic ancestry]
  2847 | D:4      | Reached XP level 6. HP: 28/44 MP: 6/6
  2847 | D:4      | HP: 21/44 [iguana (7)]
  3068 | D:4      | Reached skill level 7 in Long Blades
  3213 | D:4      | Gained mutation: Your touch may inflict minor irresistible
                  | damage on your foes. [demonic ancestry]
  3213 | D:4      | Reached XP level 7. HP: 45/50 MP: 7/7
  3367 | D:4      | Paralysed by a gnoll for 5 turns
  3688 | D:5      | Entered Level 5 of the Dungeon
  3729 | D:5      | Reached skill level 8 in Long Blades
  3856 | D:5      | Identified the +0 robe of Tempters {Str+2 Int+3}
  4090 | D:5      | HP: 24/50 [ice beast (3)]
  4303 | D:5      | Found an ornate altar of the Wu Jian Council.
  4314 | D:5      | Reached skill level 9 in Long Blades
  4314 | D:5      | Gained mutation: When hurt, damage is shared between your
                  | health and your magic reserves. [demonic ancestry]
  4314 | D:5      | Reached XP level 8. HP: 34/56 MP: 8/8
  4437 | D:5      | Found a staircase to the Ecumenical Temple.
  4678 | D:6      | Found a shadowy altar of Dithmenos.
  4858 | D:6      | Noticed KennySheep's ghost (novice BaTm)
  4885 | D:6      | Found a runed translucent gate.
  4885 | D:6      | Found a runed translucent gate.
  4885 | D:6      | Found a runed translucent gate.
  4920 | D:6      | Reached skill level 10 in Long Blades
  5005 | Temple   | Entered the Ecumenical Temple
  5651 | D:7      | Reached skill level 11 in Long Blades
  5688 | D:7      | Reached XP level 9. HP: 46/61 MP: 7/9
  6014 | D:7      | Found a burning altar of Makhleb.
  6235 | D:7      | HP: 28/61 [iguana (4)]
  6240 | D:7      | HP: 26/61 [something (1)]
  6425 | D:7      | Found Xeotaemn's Antique Armour Emporium.
  6775 | D:7      | Noticed a white ugly thing
  6781 | D:7      | Noticed a troll
  6789 | D:7      | Killed a white ugly thing
  6790 | D:7      | Reached skill level 12 in Long Blades
  6793 | D:7      | HP: 25/61 [something (8)]
  6800 | D:7      | HP: 21/61 [something (6)]
  6801 | D:7      | Killed an unseen horror
  6807 | D:7      | Killed a troll
  6808 | D:7      | Reached skill level 13 in Long Blades
  7249 | D:8      | Identified the +1 robe of the Barber Surgeon {rElec rC+}
  7292 | D:8      | Reached XP level 10. HP: 67/67 MP: 10/10
  7426 | D:8      | Found a staircase to the Lair.
  7449 | D:8      | HP: 31/67 [warg (8)]
  7457 | D:8      | HP: 32/67 [orc priest/+0 hand axe (1)]
  7467 | D:8      | HP: 21/67 [something (2)]
  7641 | D:8      | HP: 33/67 [poisoned by an orc wizard]
  7646 | D:8      | HP: 30/67 [poisoned by an orc wizard]
  7652 | D:8      | HP: 23/67 [poisoned by an orc wizard]
  7657 | D:8      | HP: 22/67 [poisoned by an orc wizard]
  7931 | D:8      | Noticed a two-headed ogre
  7947 | D:8      | Killed a two-headed ogre
  7948 | D:8      | Reached skill level 14 in Long Blades
  8097 | D:8      | Found Zin's Purification Station.
  8442 | D:8      | Found a hazy altar of Hepliaklqana.
  8444 | D:8      | Found a faded altar of an unknown god.
  8925 | D:9      | Reached skill level 1 in Armour
  8965 | D:9      | Noticed a two-headed ogre
  8973 | D:9      | Killed a two-headed ogre
  8974 | D:9      | Reached skill level 2 in Armour
  9090 | D:9      | Reached skill level 15 in Long Blades
  9090 | D:9      | Reached skill level 3 in Armour
  9105 | D:9      | Noticed a two-headed ogre
  9122 | D:9      | Killed a two-headed ogre
  9123 | D:9      | Reached skill level 4 in Armour
  9261 | D:9      | Gained mutation: Your touch may inflict irresistible damage
                  | on your foes. [demonic ancestry]
  9261 | D:9      | Reached XP level 11. HP: 69/72 MP: 11/11
  9369 | D:9      | Found a bloodstained altar of Trog.
  9461 | D:9      | Found a sparkling altar of Nemelex Xobeh.
  9461 | D:9      | Found a transporter.
  9462 | D:9      | Noticed a centaur warrior
  9482 | D:9      | Reached skill level 5 in Armour
  9579 | D:9      | Found a broken altar of Ashenzari.
  9722 | D:9      | Noticed a centaur warrior
  9731 | D:9      | Killed a centaur warrior
  9732 | D:9      | Reached skill level 6 in Armour
  9914 | D:9      | Found a sacrificial altar of Ru.
  9961 | D:9      | Became a worshipper of Nemelex Xobeh the Trickster
 10070 | D:10     | Entered Level 10 of the Dungeon
 10101 | D:10     | Noticed a tengu warrior
 10180 | D:10     | Noticed a tengu warrior
 10194 | D:10     | Killed a tengu warrior
 10195 | D:10     | Reached skill level 2 in Invocations
 10209 | D:10     | Killed a tengu warrior
 10210 | D:10     | Reached skill level 3 in Invocations
 10761 | D:10     | Noticed Harold
 10790 | D:10     | Killed Harold
 10791 | D:10     | Reached skill level 7 in Armour
 10791 | D:10     | Reached skill level 4 in Invocations
 11195 | D:11     | Found a large runed translucent door.
 11195 | D:11     | Found a large runed translucent door.
 11199 | D:11     | Reached * piety under Nemelex Xobeh
 11204 | D:11     | Noticed timneilson's ghost (journeyman GrFi)
 11236 | D:11     | Reached skill level 5 in Invocations
 11299 | D:11     | Reached skill level 6 in Invocations
 11419 | D:11     | Noticed Josephine
 11673 | D:11     | HP: 35/72 [Josephine/vampiric draining (21)]
 11678 | D:11     | HP: 32/72 [Josephine/+0 dagger (4)]
 11679 | D:11     | Killed Josephine
 11680 | D:11     | Reached skill level 8 in Armour
 11680 | D:11     | Reached skill level 7 in Invocations
 11824 | D:11     | Received a gift from Nemelex Xobeh
 12126 | D:11     | Reached skill level 8 in Invocations
 12126 | D:11     | Gained mutation: You are completely covered in large bone
                  | plates. (SH +8) [demonic ancestry]
 12126 | D:11     | Reached XP level 12. HP: 43/78 MP: 11/18
 12305 | D:11     | Found a basalt altar of Yredelemnul.
 12308 | D:11     | Found an iron altar of Okawaru.
 12308 | D:11     | Found a bloodstained altar of Trog.
 12310 | D:11     | Found a sparkling altar of Nemelex Xobeh.
 12310 | D:11     | Found an opulent altar of Gozag.
 12310 | D:11     | Found a shimmering altar of Xom.
 12377 | D:11     | Found a staircase to the Orcish Mines.
 12862 | D:12     | Found a runed translucent door.
 12865 | D:12     | Noticed a balrug
 12941 | D:12     | Found a basalt altar of Yredelemnul.
 12980 | D:12     | Reached skill level 9 in Armour
 12980 | D:12     | Reached skill level 9 in Invocations
 13148 | D:12     | Reached ** piety under Nemelex Xobeh
 13377 | D:12     | Reached skill level 10 in Invocations
 13652 | D:12     | Noticed a boulder beetle
 13685 | D:12     | Killed a boulder beetle
 13771 | D:12     | Reached skill level 10 in Armour
 13771 | D:12     | Reached skill level 11 in Invocations
 13882 | D:12     | Identified the +1 pair of gloves of Existentialism {rCorr
                  | Str+8 Int-5 Dex-2}
 13895 | D:12     | Noticed a two-headed ogre
 13907 | D:12     | Killed a two-headed ogre
 14180 | D:12     | Reached skill level 12 in Invocations
 14273 | D:13     | Noticed a six-headed hydra
 14284 | D:13     | Killed a six-headed hydra
 14520 | D:13     | Noticed a boulder beetle
 14547 | D:13     | Killed a boulder beetle
 14769 | D:13     | Noticed a two-headed ogre
 14832 | D:12     | Reached XP level 13. HP: 55/83 MP: 16/22
 14901 | D:12     | Reached skill level 11 in Armour
 15502 | D:14     | Reached *** piety under Nemelex Xobeh
 15622 | D:14     | Reached skill level 13 in Invocations
 15658 | D:14     | HP: 37/83 [cyan ugly thing (11)]
 15663 | D:14     | HP: 38/83 [cyan ugly thing (2)]
 15828 | D:14     | Noticed Azrael
 15837 | D:14     | Killed Azrael
 15927 | D:14     | HP: 39/83 [cyclops (12)]
 15932 | D:14     | HP: 37/83 [fire elemental[Azrael] (2)]
 15938 | D:14     | HP: 36/83 [fire elemental[Azrael] (1)]
 15944 | D:14     | HP: 33/83 [fire elemental[Azrael] (1)]
 15949 | D:14     | HP: 31/83 [fire elemental[Azrael] (4)]
 16041 | D:14     | Received a gift from Nemelex Xobeh
 16041 | D:14     | Found a gate to the Vaults.
 16054 | D:14     | Reached skill level 14 in Invocations
 16064 | D:14     | Reached skill level 12 in Armour
 16330 | D:14     | Reached skill level 15 in Invocations
 16360 | D:14     | Received a gift from Nemelex Xobeh
 16565 | D:15     | Entered Level 15 of the Dungeon
 16887 | D:15     | Reached skill level 13 in Armour
 16887 | D:15     | Reached XP level 14. HP: 79/90 MP: 22/25
 16927 | D:15     | Reached skill level 16 in Invocations
 17023 | D:15     | Reached **** piety under Nemelex Xobeh
 17218 | D:15     | HP: 24/90 [white ugly thing (27)]
 17385 | D:15     | Found a staircase to the Depths.
 17523 | D:15     | Reached skill level 17 in Invocations
 17899 | D:15     | Received a gift from Nemelex Xobeh
 18170 | Orc:1    | Entered Level 1 of the Orcish Mines
 18200 | Orc:1    | Reached skill level 14 in Armour
 18342 | Orc:1    | Found Maus's Distillery.
 18580 | Orc:2    | Entered Level 2 of the Orcish Mines
 18580 | Orc:2    | Found a burning altar of Makhleb.
 18604 | Orc:2    | Identified the +4 whip "Xoz Feyshe" {drain, Int+2}
 18629 | Orc:2    | Received a gift from Nemelex Xobeh
 18740 | Orc:2    | Reached ***** piety under Nemelex Xobeh
 18754 | Orc:2    | Noticed Sonja
 18761 | Orc:2    | Killed Sonja
 18797 | Orc:2    | Found a staircase to the Elven Halls.
 18839 | Orc:2    | Received a gift from Nemelex Xobeh
 18881 | Orc:2    | Found Geihonti's Armour Shoppe.
 18896 | Orc:2    | Bought the +0 pair of boots of Servitude {rElec rPois Str+3
                  | Stlth-} for 441 gold pieces
 19255 | Orc:2    | Reached skill level 18 in Invocations
 19675 | Orc:2    | Found Giurch's Armour Shop.
 19675 | Orc:2    | Found Alopluer's Weapon Shoppe.
 19677 | Orc:2    | Found Rumoats Tootz's Assorted Antiques.
 19677 | Orc:2    | Found Xeyfaatsa's Distillery.
 19947 | Lair:1   | Entered Level 1 of the Lair of Beasts
 20122 | Lair:1   | Received a gift from Nemelex Xobeh
 20214 | Lair:1   | Reached XP level 15. HP: 95/95 MP: 28/28
 20834 | Lair:2   | Received a gift from Nemelex Xobeh
 20971 | Lair:2   | Noticed Urug
 20982 | Lair:2   | Killed Urug
 20983 | Lair:2   | Reached skill level 15 in Armour
 20996 | Lair:2   | Reached skill level 19 in Invocations
 21196 | Lair:2   | Identified the +2 scale mail "Gayrei Giexe" {rF+ Dex+2}
 21536 | Lair:2   | Noticed Fannar
 21635 | Lair:2   | Killed Fannar
 21636 | Lair:2   | Reached skill level 20 in Invocations
 21663 | Lair:2   | Reached skill level 3 in Fighting
 21808 | Lair:3   | Found a hole to the Spider Nest.
 21998 | Lair:3   | Received a gift from Nemelex Xobeh
 22001 | Lair:3   | Reached skill level 4 in Fighting
 22379 | Lair:3   | Reached skill level 5 in Fighting
 22410 | Lair:3   | Found a staircase to the Swamp.
 22509 | Lair:3   | Received a gift from Nemelex Xobeh
 22670 | Lair:3   | Reached ****** piety under Nemelex Xobeh
 22936 | Lair:4   | Found a viscous altar of Jiyva.
 22936 | Lair:4   | Found a staircase to the Slime Pits.
 22938 | Lair:4   | Noticed Kirke
 22950 | Lair:4   | Killed Kirke
 22951 | Lair:4   | Reached skill level 6 in Fighting
 23175 | Lair:4   | Received a gift from Nemelex Xobeh
 23468 | Lair:5   | Entered Level 5 of the Lair of Beasts
 23475 | Lair:5   | Identified the +1 plate armour "Voggidui" {rC++ Regen+
                  | Stlth+}
 23490 | Lair:4   | Reached skill level 7 in Fighting
 23655 | Lair:5   | Reached skill level 8 in Fighting
 23688 | Lair:5   | Received a gift from Nemelex Xobeh
 23811 | Lair:5   | Found a runed translucent door.
 23873 | Lair:5   | Reached skill level 9 in Fighting
 23936 | Lair:5   | Received a gift from Nemelex Xobeh
 24122 | Lair:5   | Reached skill level 10 in Fighting
 24131 | Lair:5   | Reached XP level 16. HP: 79/122 MP: 19/30
 24280 | Lair:5   | Noticed NinjaNoafa's ghost (journeyman DrIE)
 24286 | Lair:5   | Found a runed translucent gate.
 24286 | Lair:5   | Found a runed translucent gate.
 24286 | Lair:5   | Found a runed translucent gate.
 24853 | Lair:5   | Killed NinjaNoafa's ghost
 24854 | Lair:5   | Reached skill level 11 in Fighting
 24974 | Swamp:1  | Entered Level 1 of the Swamp
 25168 | Spider:1 | Entered Level 1 of the Spider Nest
 25221 | Spider:1 | Noticed Jorgrun
 25352 | Lair:3   | Reached skill level 12 in Fighting
 25352 | Lair:3   | HP: 63/127 [demonic crawler (6)]
 25357 | Lair:3   | HP: 58/127 [redback (3)]
 25413 | Lair:3   | Killed Jorgrun
 25698 | Spider:1 | Reached skill level 13 in Fighting
 25888 | Spider:1 | Received a gift from Nemelex Xobeh
 26001 | Spider:1 | Noticed Donald
 26003 | Spider:1 | Killed Donald
 26312 | Spider:1 | HP: 61/127 [poisoned by a redback]
 26317 | Spider:1 | HP: 50/127 [poisoned by a redback]
 26322 | Spider:1 | HP: 53/127 [poisoned by a redback]
 26465 | Spider:2 | Reached skill level 14 in Fighting
 26713 | Spider:2 | Received a gift from Nemelex Xobeh
 27018 | Spider:2 | Identified the +6 chain mail of Focus {Int+3}
 27140 | Spider:2 | Reached skill level 15 in Fighting
 27146 | Spider:2 | Reached skill level 3 in Dodging
 27192 | Spider:2 | Reached skill level 4 in Dodging
 27242 | Spider:2 | Gained mutation: You are robust. (+10% HP) [demonic
                  | ancestry]
 27242 | Spider:2 | Reached XP level 17. HP: 127/156 MP: 28/31
 27665 | Spider:3 | Noticed Nikola
 27665 | Spider:3 | Noticed Arachne
 27694 | Spider:2 | Killed Arachne
 27695 | Spider:2 | Reached skill level 5 in Dodging
 27728 | Spider:3 | Nikola changed into Nikola the acid blob
 27728 | Spider:3 | Noticed Nikola
 27745 | Spider:2 | HP: 75/156 [Nikola the acid blob/splash of acid (6)]
 27746 | Spider:2 | Killed Nikola the acid blob
 27867 | Spider:2 | HP: 71/143 [emperor scorpion (4)]
 27872 | Spider:2 | HP: 40/143 [poisoned by a redback]
 27875 | Spider:2 | Reached skill level 6 in Dodging
 27877 | Spider:2 | HP: 40/144 [poisoned by a redback]
 27882 | Spider:2 | HP: 46/144 [poisoned by a redback]
 28229 | Spider:3 | Noticed Aizul
 28234 | Spider:3 | Aizul changed into Aizul the spark wasp
 28234 | Spider:3 | Noticed Aizul
 28240 | Spider:3 | HP: 76/153 [Aizul the spark wasp (2)]
 28243 | Spider:3 | Killed Aizul the spark wasp
 28244 | Spider:3 | Reached skill level 7 in Dodging
 28245 | Spider:3 | HP: 77/154 [poisoned by Aizul (poison arrow)]
 28255 | Spider:3 | HP: 111/232 [death drake (1)]
 28260 | Spider:3 | HP: 112/232 [death drake] (3)]
 28634 | Spider:3 | Found a runed translucent door.
 28635 | Spider:3 | Noticed Becogod's ghost (adept GrEE)
 28774 | Spider:3 | Received a gift from Nemelex Xobeh
 28963 | Spider:3 | Found the +8 orange crystal plate armour {Archmagi, Int+3
                  | Clar}
 28977 | Spider:3 | Killed Becogod's ghost
 28978 | Spider:3 | Reached skill level 8 in Dodging
 29019 | Spider:4 | Entered Level 4 of the Spider Nest
 29276 | Spider:4 | Received a gift from Nemelex Xobeh
 29835 | Spider:4 | Reached skill level 16 in Armour
 29903 | Spider:4 | HP: 78/156 [ghost moth (7)]
 30199 | Spider:4 | Got a gossamer rune of Zot
 30217 | Spider:4 | Received a gift from Nemelex Xobeh
 31635 | Swamp:2  | Reached skill level 17 in Armour
 31766 | Swamp:2  | Received a gift from Nemelex Xobeh
 32097 | Swamp:2  | Reached XP level 18. HP: 142/163 MP: 27/32
 32770 | Swamp:3  | Identified a scroll of acquirement
 32771 | Swamp:3  | Acquired the ring "Tocac" {rF+ Str+5 Dex-5 Slay+4 SInv}
 32838 | Swamp:3  | Received a gift from Nemelex Xobeh
 33073 | Swamp:4  | Entered Level 4 of the Swamp
 33237 | Swamp:4  | HP: 79/163 [will-o-the-wisp (9)]
 33415 | Swamp:4  | Reached skill level 18 in Armour
 33444 | Swamp:4  | Noticed Roxanne
 33590 | Swamp:4  | Identified the +0 pair of gloves of Supple Strength {rPois}
 33613 | Swamp:4  | Received a gift from Nemelex Xobeh
 33695 | Swamp:4  | Reached skill level 4 in Evocations
 33695 | Swamp:4  | Gained mutation: Your touch may irresistibly damage your
                  | foes and sap their willpower. [demonic ancestry]
 33695 | Swamp:4  | Reached XP level 19. HP: 170/170 MP: 33/33
 33722 | Swamp:4  | Paralysed by a fenstrider witch for 2 turns
 33758 | Swamp:4  | HP: 84/170 [thorn hunter (13)]
 33854 | Swamp:4  | Reached skill level 5 in Evocations
 34149 | Swamp:4  | Reached skill level 6 in Evocations
 34211 | Swamp:4  | Gained mutation: You occasionally shout uncontrollably at
                  | your foes. [a neqoxec]
 34268 | Swamp:4  | Got a decaying rune of Zot
 34772 | Vaults:1 | Entered Level 1 of the Vaults
 34951 | Vaults:1 | Reached skill level 7 in Evocations
 34997 | Vaults:1 | Found Hishuafa's Book Boutique.
 35007 | Vaults:1 | Found a crumbling gateway.
 35053 | Desolati | Entered the Desolation of Salt
 35074 | Desolati | HP: 80/170 [saltling (12)]
 35076 | Desolati | Reached skill level 19 in Armour
 35080 | Desolati | HP: 49/170 [saltling (5)]
 35102 | Desolati | Received a gift from Nemelex Xobeh
 35598 | Desolati | Found the +10 tower shield of Ignorance {rN+ Int-4}
 35609 | Desolati | Identified the ring of Saocuog {Fly rC- Will+ Int+4 Dex+6}
 35612 | Desolati | Got the Incunabulum of Pyromania and Concussion
 35668 | Desolati | HP: 77/170 [imperial myrmidon/+0 scimitar (9)]
 35674 | Desolati | Reached skill level 8 in Evocations
 35674 | Desolati | HP: 75/170 [saltling (4)]
 35688 | Desolati | HP: 74/170 [saltling (6)]
 35699 | Desolati | HP: 75/170 [crystal guardian/crystal bolt (3)]
 35706 | Desolati | HP: 82/170 [ragged hierophant/+0 short sword (6)]
 35712 | Desolati | HP: 42/170 [crystal guardian (15)]
 35718 | Desolati | HP: 81/170 [poisoned by a guardian serpent (bolt of
                  | poison)]
 35738 | Desolati | HP: 85/170 [poisoned by a guardian serpent (bolt of
                  | poison)]
 35764 | Desolati | HP: 82/170 [servant of whispers/bolt of lightning (7)]
 35786 | Desolati | Identified the ring "Zuibouv" {Wiz Contam rElec rN++
                  | Stlth+}
 35795 | Desolati | Identified the ring of Free Will {rF+ rC+}
 36112 | Desolati | HP: 79/170 [molten gargoyle/+4 mace (10)]
 36328 | Desolati | Received a gift from Nemelex Xobeh
 36403 | Desolati | Identified the amulet "Qiutan" {Will+ Regen+ Str+5}
 36446 | Desolati | Got the Book of Filthy Conjuring
 36447 | Desolati | Identified the +1 plate armour of Makhleb's Reproof {rPois
                  | Dex+2 Stlth-}
 36503 | Vaults:1 | Gained mutation: When low on magic, you restore magic in
                  | place of health. [demonic ancestry]
 36503 | Vaults:1 | Reached XP level 20. HP: 178/178 MP: 34/34
 36521 | Vaults:1 | Reached skill level 9 in Evocations
 36611 | Vaults:1 | HP: 88/178 [centaur warrior (7)]
 36617 | Vaults:1 | HP: 63/178 [white ugly thing[a wizard] (2)]
 36622 | Vaults:1 | HP: 58/178 [wizard/fireball (2)]
 36653 | Vaults:1 | Noticed Saint Roka
 36663 | Vaults:1 | HP: 82/178 [Saint Roka/+0 bardiche (23)]
 36669 | Vaults:1 | HP: 68/178 [Saint Roka/divine providence (9)]
 36671 | Vaults:1 | Killed Saint Roka
 36674 | Vaults:1 | HP: 63/178 [orc priest/divine providence[Saint Roka] (8)]
 36932 | Vaults:1 | Reached skill level 10 in Evocations
 37125 | Vaults:1 | Reached skill level 20 in Armour
 37129 | Vaults:1 | HP: 83/178 [orc knight/+0 war axe[a boggart] (10)]
 37638 | Vaults:1 | Received a gift from Nemelex Xobeh
 37900 | Vaults:2 | Found Rostrih's Armour Boutique.
 37982 | Vaults:2 | Reached skill level 1 in Shields
 38183 | Vaults:2 | Found a magical portal.
 38203 | WizLab   | Entered The Hall of the Hellbinder
 38234 | WizLab   | Lost mutation: You occasionally shout uncontrollably at
                  | your foes. [a neqoxec]
 38245 | WizLab   | Reached skill level 2 in Shields
 38643 | WizLab   | Reached skill level 3 in Shields
 38644 | WizLab   | Gained mutation: You are vulnerable to heat. (rF-) [a
                  | cacodemon]
 38700 | WizLab   | Received a gift from Nemelex Xobeh
 38848 | WizLab   | Gained mutation: Your spells are a little easier to cast,
                  | but a little less powerful. [a cacodemon]
 38859 | WizLab   | Noticed Jamoedi
 38876 | WizLab   | Killed Jamoedi the Hellbinder
 38889 | WizLab   | Found a burning altar of Makhleb.
 38953 | WizLab   | Identified the ring "Locoam" {Fly rC+ rN+ Dex+2}
 38960 | WizLab   | Got the Cyclopedia of the Secret Dances
 39099 | Vaults:2 | Reached skill level 4 in Shields
 39430 | Vaults:2 | Reached skill level 5 in Shields
 39550 | Vaults:2 | Received a gift from Nemelex Xobeh
 39791 | Vaults:2 | Reached skill level 6 in Shields
 40054 | Vaults:2 | Found a staircase to the Crypt.
 40059 | Vaults:2 | HP: 61/178 [??? (43)]
 40064 | Vaults:2 | HP: 30/178 [??? (20)]
 40343 | Vaults:2 | Reached skill level 7 in Shields
 40377 | Vaults:2 | HP: 67/178 [??? (39)]
 40390 | Vaults:2 | HP: 75/178 [orc warrior/+1 halberd of venom (1)]
 40398 | Vaults:2 | HP: 80/178 [poisoned by an orc warrior]
 40403 | Vaults:2 | HP: 80/178 [poisoned by an orc warrior]
 40615 | Vaults:3 | Reached XP level 21. HP: 122/184 MP: 25/35
 40631 | Vaults:3 | Reached skill level 8 in Shields
 40632 | Vaults:3 | HP: 84/184 [spriggan defender/+2 spectral lajatang (36)]
 40851 | Vaults:3 | Reached skill level 9 in Shields
 40934 | Vaults:3 | Received a gift from Nemelex Xobeh
 41007 | Vaults:3 | Noticed Bai Suzhen
 41012 | Vaults:3 | Bai Suzhen changed into Bai Suzhen the juggernaut
 41012 | Vaults:3 | Noticed Bai Suzhen
 41023 | Vaults:3 | Killed Bai Suzhen the juggernaut
 41024 | Vaults:3 | Reached skill level 10 in Shields
 41073 | Vaults:3 | Noticed Sojobo
 41075 | Vaults:3 | Sojobo changed into Sojobo the acid blob
 41075 | Vaults:3 | Noticed Sojobo
 41082 | Vaults:3 | Killed Sojobo the acid blob
 41348 | Vaults:3 | Reached skill level 11 in Shields
 41861 | Vaults:3 | Noticed Xtahua
 41878 | Vaults:3 | Xtahua changed into Xtahua the iron giant
 41878 | Vaults:3 | Noticed Xtahua
 41893 | Vaults:3 | Killed Xtahua the iron giant
 41912 | Vaults:3 | Reached skill level 12 in Shields
 42144 | Vaults:3 | Received a gift from Nemelex Xobeh
 42533 | Vaults:4 | Noticed Margery
 42551 | Vaults:4 | Killed Margery
 42553 | Vaults:4 | Reached skill level 13 in Shields
 42612 | Vaults:4 | Received a gift from Nemelex Xobeh
 42751 | Vaults:4 | HP: 87/184 [ironbound frostheart (10)]
 43214 | Vaults:4 | Noticed an ancient lich
 43216 | Vaults:4 | Paralysed by a floating eye for 4 turns
 43216 | Vaults:4 | Noticed a golden dragon
 43219 | Vaults:4 | HP: 91/184 [ironbound convoker/+0 great mace (8)]
 43223 | Vaults:4 | HP: 28/175 [deep elf death mage/bolt of negative energy
                  | (27)]
 43452 | Vaults:4 | Reached skill level 14 in Shields
 43555 | Vaults:4 | Identified the ring "Werit" {*Slow rElec rC++ Str+3 SInv}
 43561 | Vaults:4 | HP: 85/170 [ettin/+0 dire flail (44)]
 43579 | Vaults:4 | HP: 82/170 [minotaur (4)]
 43855 | Vaults:4 | Gained mutation: Your demonic aura often causes spilled
                  | blood to erupt in flames. [demonic ancestry]
 43855 | Vaults:4 | Reached XP level 22. HP: 135/187 MP: 34/36
 44038 | Vaults:4 | Killed an ancient lich
 44124 | Vaults:4 | Reached skill level 15 in Shields
 44193 | Vaults:4 | HP: 96/192 [deep troll[an ironbound preserver] (1)]
 44201 | Vaults:4 | HP: 63/192 [golden dragon (16)]
 44203 | Vaults:4 | Killed a golden dragon
 44453 | Vaults:4 | Got Kuoxiut's Exposition on Congelation and Variation
 44770 | Elf:1    | Entered Level 1 of the Elven Halls
 44813 | Elf:1    | Received a gift from Nemelex Xobeh
 44871 | Elf:1    | Got the Meditations on Arcane Weapons
 45208 | Elf:1    | Found a runed translucent door.
 45343 | Elf:1    | Received a gift from Nemelex Xobeh
 45408 | Elf:1    | Found a runed translucent door.
 45633 | Elf:1    | Found a runed translucent gate.
 45633 | Elf:1    | Found a runed translucent gate.
 45634 | Elf:1    | Found a runed translucent gate.
 45659 | Elf:1    | Found a runed translucent gate.
 45659 | Elf:1    | Found a runed translucent gate.
 45660 | Elf:1    | Found a runed translucent gate.
 45694 | Elf:1    | Identified the amulet "Kuifis" {Faith Drain rPois rC++
                  | rCorr}
 45834 | Elf:2    | Reached skill level 16 in Shields
 45900 | Elf:2    | Found a runed translucent gate.
 45901 | Elf:2    | Found a runed translucent gate.
 45901 | Elf:2    | Found a runed translucent gate.
 46052 | Elf:2    | Paralysed by an air elemental for 1 turns
 46075 | Elf:2    | Found a transporter.
 46075 | Elf:2    | Found a transporter.
 46077 | Elf:2    | Noticed Sorrimu's ghost (adept DsDe)
 46079 | Elf:2    | Identified the +3 scale mail of Qazlal's Hatred {Will+++
                  | rCorr Dex-5 SInv}
 46090 | Elf:2    | Found a bloodstained altar of Trog.
 46103 | Elf:2    | Received a gift from Nemelex Xobeh
 46883 | Elf:2    | Received a gift from Nemelex Xobeh
 46922 | Elf:2    | Reached skill level 17 in Shields
 47071 | Elf:3    | Entered Level 3 of the Elven Halls
 47383 | Elf:3    | Received a gift from Nemelex Xobeh
 48039 | Elf:3    | Received a gift from Nemelex Xobeh
 48201 | Elf:3    | Found the +2 hood of the Assassin {Detection Stab+ Stlth++}
 48203 | Elf:3    | Identified the +10 war axe of Iconoclasm {vorpal, Int+4}
 48260 | Elf:3    | Identified the ring of Bodily Harmony {Contam rC+ AC+4
                  | Str+2 Int+8}
 48295 | Elf:3    | Reached skill level 18 in Shields
 48331 | Elf:3    | Identified the +4 scimitar of Starshine {flame, Will+ Int+4
                  | Stlth+}
 48642 | Depths:1 | Entered Level 1 of the Depths
 49000 | Depths:1 | Received a gift from Nemelex Xobeh
 49005 | Depths:1 | You fall into a shaft and drop 1 floor!
 49176 | Depths:2 | Reached XP level 23. HP: 178/199 MP: 37/37
 49210 | Depths:1 | Found a gateway to Hell.
 49303 | Depths:1 | Found a sparkling altar of Nemelex Xobeh.
 49517 | Depths:1 | Found Quheaj's Book Shoppe.
 49519 | Depths:1 | Found Never's Armour Emporium.
 49550 | Depths:1 | Reached skill level 19 in Shields
 49561 | Depths:1 | Found Poode's Book Shoppe.
 49587 | Depths:1 | Found a one-way gate leading to the halls of Pandemonium.
 49717 | Depths:1 | Received a gift from Nemelex Xobeh
 50992 | Depths:2 | Received a gift from Nemelex Xobeh
 51096 | Depths:2 | Found Duopsu's Antique Weapon Shop.
 51256 | Depths:2 | Noticed Asterion
 51267 | Depths:2 | Asterion changed into Asterion the quicksilver ooze
 51267 | Depths:2 | Noticed Asterion
 51289 | Depths:2 | Killed Asterion the quicksilver ooze
 51302 | Depths:2 | Reached skill level 20 in Shields
 51372 | Depths:2 | Paralysed by a floating eye for 4 turns
 51380 | Depths:2 | Paralysed by a floating eye for 3 turns
 51883 | Depths:3 | Noticed a juggernaut
 52203 | Depths:3 | Reached skill level 21 in Shields
 52413 | Depths:3 | Killed a juggernaut
 52418 | Depths:3 | HP: 99/199 [frost giant/bolt of cold (3)]
 52438 | Depths:3 | HP: 96/199 [living spell/divine providence[a walking divine
                  | tome] (9)]
 52543 | Depths:2 | HP: 90/199 [living spell/divine providence[a walking divine
                  | tome] (10)]
 53009 | Depths:3 | Noticed a juggernaut
 53029 | Depths:3 | Killed a juggernaut
 53105 | Depths:3 | Identified the ring of Quavvin {rC+ rCorr}
 53174 | Depths:3 | HP: 87/199 [titan (16)]
 53180 | Depths:3 | HP: 78/199 [living spell/divine providence[a walking divine
                  | tome] (10)]
 53193 | Depths:3 | HP: 72/199 [fire giant/fireball (2)]
 53212 | Depths:3 | HP: 90/199 [golden dragon/bolt of fire (3)]
 53217 | Depths:3 | HP: 85/199 [golden dragon (3)]
 53225 | Depths:3 | HP: 71/199 [golden dragon (2)]
 53231 | Depths:3 | Reached skill level 22 in Shields
 53238 | Depths:3 | HP: 77/199 [poisoned by a golden dragon (blast of poison)]
 53243 | Depths:2 | HP: 73/199 [poisoned by a golden dragon (blast of poison)]
 53330 | Depths:2 | Reached XP level 24. HP: 174/206 MP: 37/37
 53599 | Depths:3 | Received a gift from Nemelex Xobeh
 53973 | Depths:3 | Noticed a juggernaut
 53998 | Depths:3 | Killed a juggernaut
 53998 | Depths:3 | HP: 95/201 [tengu reaver/bolt of fire (16)]
 54003 | Depths:3 | HP: 83/204 [tengu reaver/bolt of lightning (9)]
 54252 | Depths:3 | HP: 101/206 [living spell/divine providence[a walking
                  | divine tome] (10)]
 54257 | Depths:3 | HP: 86/206 [poisoned by a tengu reaver (bolt of poison)]
 54258 | Depths:3 | Reached skill level 23 in Shields
 54420 | Depths:3 | Found a one-way gate to the infinite horrors of the Abyss.
 54868 | Depths:3 | Received a gift from Nemelex Xobeh
 55190 | Depths:3 | Identified the +0 chain mail of Greater Demons {Harm
                  | Stlth+}
 55243 | Depths:4 | Entered Level 4 of the Depths
 55503 | Depths:4 | Found a one-way gateway to a ziggurat.
 55614 | Depths:4 | Received a gift from Nemelex Xobeh
 55672 | Depths:4 | Noticed a juggernaut
 55678 | Depths:4 | a juggernaut changed into a titan
 55784 | Depths:4 | Reached skill level 24 in Shields
 55880 | Depths:4 | Noticed Frederick
 55899 | Depths:4 | Killed Frederick
 56030 | Depths:4 | Found a gate to the Realm of Zot.
 56384 | Depths:4 | Received a gift from Nemelex Xobeh
 56459 | Depths:4 | Received a gift from Nemelex Xobeh
 56657 | Depths:4 | Learned a level 4 spell: Passage of Golubria
 56855 | Crypt:1  | Entered Level 1 of the Crypt
 57069 | Crypt:1  | HP: 95/206 [??? (46)]
 57249 | Crypt:1  | Gained mutation: Your demonic aura causes all spilled blood
                  | to erupt in flames. [demonic ancestry]
 57249 | Crypt:1  | Reached XP level 25. HP: 213/213 MP: 37/37
 57328 | Crypt:1  | Reached skill level 25 in Shields
 57433 | Crypt:1  | Found a runed translucent door.
 57434 | Crypt:1  | Noticed a dread lich
 57479 | Crypt:1  | Received a gift from Nemelex Xobeh
 57913 | Crypt:1  | Killed a dread lich
 58033 | Crypt:2  | Reached skill level 21 in Invocations
 58470 | Crypt:2  | Received a gift from Nemelex Xobeh
 58680 | Crypt:2  | Reached skill level 22 in Invocations
 59061 | Crypt:3  | Entered Level 3 of the Crypt
 59104 | Crypt:3  | HP: 97/213 [flayed ghost/flay_damage (30)]
 59109 | Crypt:3  | HP: 48/213 [mirror damage (7)]
 59312 | Crypt:3  | Noticed a dread lich
 59342 | Crypt:3  | HP: 97/213 [???[a dread lich] (48)]
 59347 | Crypt:3  | Killed a dread lich
 59564 | Crypt:3  | Reached skill level 23 in Invocations
 59564 | Crypt:3  | HP: 93/213 [flayed ghost/flay_damage (29)]
 59746 | Crypt:3  | Received a gift from Nemelex Xobeh
 59767 | Crypt:3  | Found a staircase to the Tomb.
 60091 | Crypt:3  | Found a basalt altar of Yredelemnul.
 60155 | Crypt:3  | Reached skill level 24 in Invocations
 60317 | Crypt:3  | Noticed Jory
 60317 | Crypt:3  | Found the +7 great mace "Undeadhunter" {disrupt, rN+}
 60355 | Crypt:3  | Killed Jory
 60408 | Crypt:3  | Identified the +2 pair of boots of Mirth {Rampage rC- Dex+5
                  | Stlth+}
 60530 | Crypt:3  | Paralysed by a vampire knight for 4 turns
 60557 | Crypt:3  | Paralysed by a vampire knight for 3 turns
 60564 | Crypt:3  | Paralysed by a vampire knight for 3 turns
 60817 | Crypt:3  | Reached skill level 25 in Invocations
 60918 | Crypt:3  | Paralysed by a vampire knight for 3 turns
 61583 | Vaults:5 | Entered Level 5 of the Vaults
 61599 | Vaults:5 | Reached skill level 26 in Invocations
 61609 | Vaults:4 | Gained mutation: You are very robust. (+20% HP) [demonic
                  | ancestry]
 61609 | Vaults:4 | Reached XP level 26. HP: 116/241 MP: 40/40
 61612 | Vaults:4 | HP: 109/241 [war gargoyle/+3 flail of holy wrath (11)]
 61929 | Vaults:5 | Identified the +5 battleaxe "Daerr" {venom, rPois SInv}
 61938 | Vaults:5 | Noticed Mennas
 61979 | Vaults:5 | Reached skill level 27 in Invocations
 61993 | Vaults:5 | Received a gift from Nemelex Xobeh
 62254 | Vaults:5 | Noticed Boris
 62304 | Vaults:5 | Killed Boris
 62308 | Vaults:5 | Reached skill level 16 in Fighting
 62424 | Vaults:5 | Identified the +8 shortbow of the Gnashing Gods {speed,
                  | rElec rF++ Str+4 Dex+4}
 62431 | Vaults:5 | Killed Mennas
 62739 | Vaults:5 | Identified the ring "Ohalaazu" {Int+7 SInv Stlth-}
 62756 | Vaults:5 | Reached skill level 17 in Fighting
 62756 | Vaults:5 | HP: 119/249 [fire giant/bolt of fire (9)]
 62765 | Vaults:5 | HP: 116/249 [phantasmal warrior (13)]
 62934 | Vaults:5 | Received a gift from Nemelex Xobeh
 63002 | Vaults:5 | Identified the ring of Hiaren {rPois Will+ rCorr Int+6
                  | Slay-3}
 63330 | Vaults:5 | Identified the ring "Wocwu" {rElec Will+ Str+6 Dex+3}
 63343 | Vaults:5 | Noticed a dread lich
 63385 | Vaults:5 | Got a silver rune of Zot
 63964 | Zot:1    | Entered Level 1 of the Realm of Zot
 64052 | Zot:1    | Identified the ring "Aczitug" {rF+ rCorr Str+4 Int+2}
 64269 | Zot:1    | Noticed an orb of fire
 64277 | Zot:1    | Gained mutation: You occasionally lose the ability to drink
                  | potions when taking damage. [an orb of fire]
 64302 | Zot:1    | Killed an orb of fire
 64304 | Zot:1    | Received a gift from Nemelex Xobeh
 64383 | Zot:1    | Reached skill level 18 in Fighting
 64566 | Zot:2    | HP: 120/253 [red draconian/+0 glaive[a red draconian
                  | scorcher] (13)]
 64571 | Zot:2    | HP: 118/253 [golden dragon/bolt of fire (7)]
 65031 | Zot:2    | HP: 124/255 [yellow draconian/+0 glaive (21)]
 65038 | Zot:1    | HP: 66/255 [yellow draconian monk (8)]
 65201 | Zot:2    | Reached skill level 19 in Fighting
 65421 | Zot:2    | Received a gift from Nemelex Xobeh
 66019 | Zot:2    | Reached skill level 20 in Fighting
 66080 | Zot:2    | Gained mutation: You are extremely robust. (+30% HP)
                  | [demonic ancestry]
 66080 | Zot:2    | Reached XP level 27. HP: 254/291 MP: 40/40
 66767 | Zot:2    | Reached skill level 21 in Fighting
 66921 | Zot:3    | Received a gift from Nemelex Xobeh
 67587 | Zot:3    | Reached skill level 22 in Fighting
 68379 | Zot:4    | Received a gift from Nemelex Xobeh
 68473 | Zot:4    | Reached skill level 23 in Fighting
 68494 | Zot:4    | HP: 150/305 [red draconian scorcher/damnation (40)]
 68683 | Zot:3    | HP: 150/305 [green draconian monk[a red draconian scorcher]
                  | (18)]
 68688 | Zot:3    | HP: 150/305 [poisoned by a green draconian monk (blast of
                  | poison)]
 69433 | Zot:4    | Received a gift from Nemelex Xobeh
 69574 | Zot:4    | Reached skill level 24 in Fighting
 70843 | Zot:1    | Received a gift from Nemelex Xobeh
 71061 | Zot:1    | Identified the +1 ring mail "Sirhet" {rF+ rC+}
 71569 | Zot:5    | Entered Level 5 of the Realm of Zot
 71595 | Zot:5    | Reached skill level 25 in Fighting
 71942 | Zot:5    | Received a gift from Nemelex Xobeh
 72241 | Zot:5    | Noticed a dread lich
 72251 | Zot:5    | Noticed an orb of fire
 72252 | Zot:5    | Noticed an orb of fire
 72252 | Zot:5    | Noticed a dread lich
 72275 | Zot:5    | Noticed a dread lich
 72285 | Zot:5    | Noticed a dread lich
 72287 | Zot:5    | Noticed an orb of fire
 72288 | Zot:5    | Killed an orb of fire
 72294 | Zot:5    | Gained mutation: You occasionally shout uncontrollably at
                  | your foes. [an orb of fire]
 72300 | Zot:5    | Gained mutation: Armour fits poorly on your strangely
                  | shaped body. [an orb of fire]
 72310 | Zot:5    | Killed an orb of fire
 72311 | Zot:5    | Reached skill level 26 in Fighting
 72312 | Zot:5    | Killed a dread lich
 72313 | Zot:5    | Killed a dread lich
 72319 | Zot:5    | Killed a dread lich
 72335 | Zot:5    | Killed an orb of fire
 72337 | Zot:5    | Noticed an ancient lich
 72345 | Zot:5    | Killed a dread lich
 72358 | Zot:5    | Killed an ancient lich
 72380 | Zot:5    | HP: 158/321 [black draconian knight/bolt of lightning[a
                  | green draconian monk] (8)]
 72636 | Zot:5    | Reached skill level 27 in Fighting
 72910 | Zot:5    | Reached skill level 21 in Armour
 73099 | Zot:5    | Lost mutation: You occasionally shout uncontrollably at
                  | your foes. [potion of mutation]
 73099 | Zot:5    | Lost mutation: Your spells are a little easier to cast, but
                  | a little less powerful. [potion of mutation]
 73099 | Zot:5    | Lost mutation: Armour fits poorly on your strangely shaped
                  | body. [potion of mutation]
 73099 | Zot:5    | Gained mutation: You passively map a small area around you.
                  | [potion of mutation]
 73100 | Zot:5    | Lost mutation: You occasionally lose the ability to drink
                  | potions when taking damage. [potion of mutation]
 73100 | Zot:5    | Lost mutation: You passively map a small area around you.
                  | [potion of mutation]
 73100 | Zot:5    | Gained mutation: You are weak. (Str -2) [potion of
                  | mutation]
 73100 | Zot:5    | Gained mutation: You are resistant to electric shocks.
                  | (rElec) [potion of mutation]
 73101 | Zot:5    | Lost mutation: You are resistant to electric shocks.
                  | (rElec) [potion of mutation]
 73101 | Zot:5    | Lost mutation: You are weak. (Str -2) [potion of mutation]
 73101 | Zot:5    | Gained mutation: You passively dampen the noise of your
                  | surroundings. [potion of mutation]
 73101 | Zot:5    | Gained mutation: Your system is resistant to poisons.
                  | (rPois) [potion of mutation]
 73101 | Zot:5    | Gained mutation: You expend magic power (3 MP) to
                  | strengthen your wands. [potion of mutation]
 73101 | Zot:5    | Gained mutation: You are agile. (Dex +4, Str/Int -1)
                  | [potion of mutation]
 73102 | Zot:5    | Lost mutation: You expend magic power (3 MP) to strengthen
                  | your wands. [potion of mutation]
 73102 | Zot:5    | Lost mutation: Your system is resistant to poisons. (rPois)
                  | [potion of mutation]
 73102 | Zot:5    | Lost mutation: You passively dampen the noise of your
                  | surroundings. [potion of mutation]
 73102 | Zot:5    | Gained mutation: Your muscles are strong. (Str +4, Int/Dex
                  | -1) [potion of mutation]
 73103 | Zot:5    | Lost mutation: You are vulnerable to heat. (rF-) [potion of
                  | mutation]
 73103 | Zot:5    | Lost mutation: You are agile. (Dex +4, Str/Int -1) [potion
                  | of mutation]
 73103 | Zot:5    | Gained mutation: You have hidden genetic potential. [potion
                  | of mutation]
 73103 | Zot:5    | Lost mutation: You have hidden genetic potential. [potion
                  | of mutation]
 73124 | Zot:5    | Got the Orb of Zot
 73350 | Depths:4 | Noticed Raatuif the pandemonium lord
 73484 | D:12     | Noticed Simasu the pandemonium lord
 73587 | D:8      | Identified the +2 tower shield of Ocabaic {+Inv rPois
                  | Str-5}
 73593 | D:8      | Noticed Pumeof the pandemonium lord
 73790 | D:$      | Escaped with the Orb!

Illustrated notes

Levels and vault maps discovered:
D:1:      psy_arrival_basics, layout_loops_ring
D:2:      layout_basic, dreamdust_wishing_well, uniq_robin
D:3:      layout_rooms, kennysheep_orc_sif_temple, serial_co_window_serial,
          co_window_of_opportunity_a, co_window_paths_b, co_window_corner_a,
          co_window_paths_b, co_window_paths_a, co_window_broadway_a,
          co_window_corner_ca, co_window_2corner, co_window_corner_cb,
          co_window_corner_b, co_window_4corner_b, glass_columns_a,
          glass_columns_a, glass_columns_b, grunt_ministairs_1,
          amcnicky_mini_rare_corridor_liquid
D:4:      layout_rooms, mainiacjoe_overflow_concentric_impassable
D:5:      layout_basic, kennysheep_mini_moat, minmay_temple_entry_from_below_a
D:6:      layout_cave_pools, mainiacjoe_overflow_alcove_2, gammafunk_ghost_icy,
          skrybe_limestone_x, hangedman_decor_lopped, kennysheep_generic_room_10
D:7:      minmay_cornered_nines, layout_basic, lightli_temple_of_fire,
          serial_shops, nicolae_shop_overgrown_old_shop,
          hangedman_decor_clover_reticule, minmay_quadrilaterals
D:8:      layout_loops_corners, zin_purify, beargit_hepliaklqana_dungeon_heroes,
          erik_lair_orcish_takeover
D:9:      kennysheep_six_static_rooms, layout_irregular_city,
          trog_three_pillars_becter, grunt_nemelex_the_gamble,
          lemuel_coloured_pillars_altar, nicolae_ru_the_path_less_chosen,
          hangedman_decor_opposing
D:10:     layout_long_grid, minivault_27, uniq_harold
D:11:     layout_small_grid, erik_orc_1, ebering_ghost_disaster_area,
          doesnt_xom_only_xom, uniq_josephine
D:12:     dreamdust_dug_too_deep, layout_long_grid, fungi_pond_lemuel,
          nicolae_hexahallways, nicolae_yredelemnul_corpse_copse
D:13:     layout_basic, minivault_21
D:14:     layout_basic, lightli_vaults_fourway_checkpoint, tso_altar,
          uniq_azrael
D:15:     grunt_enter_depths_magical_seal, layout_layer_cave, minmay_misc_feat_x
Temple:   nicolae_temple_bog_church
Lair:1:   layout_cave_pods, beast_lair_carwin_3
Lair:2:   layout_roguey, serial_bayou_shore_a, uniq_urug, uniq_fannar
Lair:3:   layout_layer_cave, palyth_hydra_swamp_entry,
          spider_nest_entry_web_field, grunt_megastairs_2
Lair:4:   layout_hall_layers, slime_entry_1, uniq_kirke
Lair:5:   hangedman_lair_caniforms_friends, layout_loops_ring, wormcave,
          enter_volcano_3, gammafunk_ghost_split
Swamp:1:  layout_falls_marsh, nicolae_swamp_fairy_circle
Swamp:2:  layout_basic_swamp, nicolae_swamp_dense_foliage, swamp_pool4
Swamp:3:  layout_basic_swamp, nicolae_swamp_little_tower
Swamp:4:  nzn_swamp_witches_coven, layout_basic_swamp, uniq_roxanne
Spider:1: layout_spider_delve, hellmonk_deceptive_appearances, uniq_jorgrun,
          uniq_donald
Spider:2: spider_temple_joshua, nicolae_spider_bzzzt
Spider:3: nicolae_spider_hilbert_zone_5 [nicolae_spider_hilbert_3_sides_1_open,
          nicolae_spider_hilbert_4_sides_1_open,
          nicolae_spider_hilbert_4_sides_1_open,
          nicolae_spider_hilbert_6_sides_1_open,
          nicolae_spider_hilbert_6_sides_1_open], ebering_ghost_reflecting_pool,
          uniq_nikola, uniq_arachne, uniq_aizul
Spider:4: grunt_spider_rune_parallel, nicolae_spider_undead_wolf_pack
Orc:1:    layout_diamond_mine, serial_shops, shop
Orc:2:    grunt_orc_tribal_feast, layout_caves, serial_shops,
          nicolae_shop_competitors_out_of_business, bloody_makhleb, uniq_sonja
Elf:1:    nicolae_elf_arrival_dilemma, layout_loops_ring,
          minmay_elf_annihilation, grunt_ministairs_6
Elf:2:    nicolae_elf_blades_crystal_corner, layout_geoelf_diagonals,
          gammafunk_ghost_wrathful_warriors, small_statue_intersection
Elf:3:    minmay_elf_hall, layout_onion_city
Vaults:1: portal_desolation_entry_nicolae_nacl, nicolae_vaults_what_the_h,
          vaults_room_corners, v_misc_2, v_pattern_5, v_alt_pattern_3,
          hangedman_vaults_stretched_pinwheel, v_misc_4, vaults_mumra_hex,
          nicolae_vaults_statue_guard, vaults_dpeg_encased_lava,
          layout_vaults_big_room, serial_shops, shop, uniq_saint_roka
Vaults:2: lightli_enter_wizlab_magi_temple, minmay_crypt_entry_simple_sparse,
          vaults_room_stairs_pillars, hangedman_vaults_corner,
          ontoclasm_vaults_ring_square, ontoclasm_vaults_hangar,
          special_room_vaults [special_room_orc], dpeg_vaults_monster_box,
          vaults_room_pools, layout_vaults_omnigrid, serial_shops, shop
Vaults:3: ontoclasm_vaults_ring_square, vaults_room_octagon,
          vaults_mumra_minichess_inversion, vaults_room_boxed,
          nicolae_vaults_little_squares_5, nicolae_vaults_shelves_hall,
          v_rooms_6, ontoclasm_vaults_eye, vaults_room_grunt_arrival_ludios,
          sword_in_stone, vaults_room_stairs_pillars, layout_vaults_omnicross,
          uniq_xtahua, uniq_bai_suzhen
Vaults:4: ontoclasm_vaults_idyll, st_greater_box_5, nicolae_vaults_triangles,
          v_pattern_4, ontoclasm_vaults_hangar, vaults_mumra_minichess,
          ontoclasm_vaults_ring_large, nicolae_vaults_little_squares_6,
          nicolae_vaults_network_s, vaults_dpeg_ring, v_alt_pattern_1,
          layout_vaults_maze, uniq_margery
Vaults:5: serial_shops, uniq_boris, uniq_mennas
Crypt:1:  cheibrodos_crypt_cold_storage, layout_misc_corridors, uniq_josephina
Crypt:2:  layout_regular_city, uniq_sojobo
Crypt:3:  church_of_pain_bobbens, layout_chaotic_city, grunt_ministairs_7
Depths:1: layout_basic, abandoned_shop, rand_demon_pan_entry_3, hell_entry,
          nemelex_spade_bored_becter, minmay_shop_star
Depths:2: minmay_quarter_circles, layout_gridlike, marbit_kobold_abyss_entry,
          dk_noncrumbling_4, pan_entry, serial_shops, shop,
          hangedman_geh_valley, uniq_asterion
Depths:3: minmay_octagon_city, layout_gridlike, lightli_too_deep,
          roderic_lattice_octagonal_star, abyss_entry, minmay_misc_feat_rugged
Depths:4: grunt_zot_entry_funnels, layout_cave_pools, enter_ziggurat_b,
          serial_bayou_pond_b, hell_entry, uniq_frederick
Zot:1:    layout_gridlike, lemuel_flame_loot_1
Zot:2:    lemuel_acid_trip, layout_concentric_octagons,
          hangedman_player_shredder
Zot:3:    infiniplex_zot_generator, layout_misc_corridors, grunt_megastairs_3
Zot:4:    layout_cathedral_of_symmetry, st_single_dragon_hoard_3, st_stairs_11,
          grunt_megastairs_4
Zot:5:    layout_gridlike

Skill      XL: |  1  2  3  4  5  6  7  8  9 10 11 12 13 14 15 16 17 18 19 20 21 22 23 24 25 26 27 |
---------------+----------------------------------------------------------------------------------+-----
Long Blades    | 3 4 5 6 7 9 11 13 15 | 15.0
Armour         | 4 8 10 13 14 15 17 18 19 20 21 | 21.1
Invocations    | 8 12 15 18 20 26 27 | 27.0
Fighting       | 10 15 20 27 | 27.0
Dodging        | 4 8 |  8.0
Evocations     | 4 8 10 | 10.7
Shields        | 7 14 18 22 24 25 | 25.3
Throwing       | |  1.7

Action                   |  1- 3 |  4- 6 |  7- 9 | 10-12 | 13-15 | 16-18 | 19-21 | 22-24 | 25-27 || total
-------------------------+-------+-------+-------+-------+-------+-------+-------+-------+-------++-------
Melee: Long sword        |   120 |    50 |     6 |       |   160 |       |       |       |       ||   336
       Punch             |     2 |     2 |     7 |    23 |    29 |    35 |    34 |     1 |       ||   133
       Dagger            |       |   149 |   407 |  1260 |   298 |       |       |       |       ||  2114
       Touch             |       |       |    71 |   316 |   360 |   425 |   530 |    45 |       ||  1747
       Scimitar          |       |       |       |       |  1346 |  1954 |  1768 |  2602 |  2049 ||  9719
       Rapier            |       |       |       |       |       |   115 |       |       |       ||   115
       Demon blade       |       |       |       |       |       |       |   256 |   699 |  2460 ||  3415
Throw: Throwing net      |       |     1 |     1 |     1 |       |     2 |       |       |       ||     5
       Dart              |       |       |       |       |       |       |     1 |     1 |       ||     2
Invok: Draw Destruction  |       |       |       |       |       |    27 |    69 |    46 |    60 ||   202
       Triple Draw       |       |       |       |       |       |     1 |     2 |       |       ||     3
       Draw Escape       |       |       |       |       |       |     1 |     4 |     6 |     3 ||    14
       Deal Four         |       |       |       |       |       |     1 |     1 |       |       ||     2
       Draw Summoning    |       |       |       |       |       |       |     5 |     3 |     6 ||    14
Evoke: Wand              |       |       |     8 |     1 |     9 |       |     2 |     8 |     2 ||    30
       Condenser vane    |       |       |       |       |     2 |     1 |       |     2 |     1 ||     6
       Phial of floods   |       |       |       |       |       |       |       |       |     2 ||     2
       Phantom mirror    |       |       |       |       |       |       |       |       |     1 ||     1
       Box of beasts     |       |       |       |       |       |       |       |       |     1 ||     1
  Use: Scroll            |       |       |       |    11 |     6 |    14 |    12 |     7 |    28 ||    78
       Potion            |       |       |       |       |       |     4 |     9 |       |    22 ||    35
 Stab: Sleeping          |     1 |       |     4 |     5 |     5 |       |       |       |       ||    15
       Paralysed         |       |       |     2 |     2 |     5 |       |     5 |       |       ||    14
       Held in net/web   |       |       |     2 |       |       |       |       |       |       ||     2
       Confused          |       |       |       |       |     8 |       |       |       |       ||     8
       Invisible         |       |       |       |       |       |       |     2 |       |       ||     2
       Distracted        |       |       |       |       |       |       |     1 |       |     2 ||     3
       Petrified         |       |       |       |       |       |       |    10 |       |       ||    10
Armor: Leather armour    |    24 |       |       |       |       |       |       |       |       ||    24
       Ring mail         |    16 |    19 |       |       |       |       |       |       |       ||    35
       Scale mail        |       |    32 |     4 |       |       |       |       |       |       ||    36
       Shadow dragon sca |       |       |   121 |   387 |   688 |       |       |       |       ||  1196
       Plate armour      |       |       |       |       |   173 |   847 |       |       |       ||  1020
       Crystal plate arm |       |       |       |       |       |   719 |  1316 |  1096 |  1104 ||  4235
Dodge: Dodged            |    83 |   103 |   148 |   470 |   821 |  1228 |   654 |   479 |   563 ||  4549
Block: Other             |    15 |    45 |    69 |   258 |   554 |   861 |   736 |    55 |       ||  2593
       Reflection        |       |       |       |       |       |       |     1 |       |       ||     1
       Tower shield      |       |       |       |       |       |       |       |  4305 |  5583 ||  9888

Table legend: (Time is in decaauts)
 A = Elapsed time spent in this place.
 B = Non-inter-level travel time spent in this place.
 C = Inter-level travel time spent in this place.
 D = Time resting spent in this place.
 E = Time spent auto-exploring this place.
 F = Levels seen in this place.
 G = Mean time per level.
                   A        B        C        D        E       F      G
               +--------+--------+--------+--------+--------+-----+--------+
         Total |  69306 |  63945 |   5361 |   4647 |  38885 |  53 | 1307.7 |
       Dungeon |  17801 |  16351 |   1450 |    456 |  12254 |  15 | 1186.7 |
        Temple |    166 |    155 |     11 |      0 |    146 |   1 |  166.0 |
          Lair |   5417 |   4688 |    729 |    188 |   2964 |   5 | 1083.4 |
         Swamp |   3729 |   3526 |    203 |    131 |   2300 |   4 |  932.2 |
   Spider Nest |   5033 |   4474 |    559 |    458 |   2475 |   4 | 1258.2 |
  Orcish Mines |   1701 |   1498 |    203 |    166 |    840 |   2 |  850.5 |
   Elven Halls |   3559 |   3340 |    219 |    135 |   2224 |   3 | 1186.3 |
        Vaults |   9279 |   8469 |    810 |    663 |   5193 |   5 | 1855.8 |
         Crypt |   4273 |   3959 |    314 |    206 |   1946 |   3 | 1424.3 |
        Depths |   7757 |   7469 |    288 |    767 |   3640 |   4 | 1939.2 |
           Zot |   8432 |   7862 |    570 |    827 |   4319 |   5 | 1686.4 |
        Wizlab |    820 |    820 |      0 |    296 |     77 |   1 |  820.0 |
    Desolation |   1334 |   1334 |      0 |    350 |    503 |   1 | 1334.0 |
               +--------+--------+--------+--------+--------+-----+--------+

Top non-repeatable levels by time:
Depths:3: 3253 daAuts
Vaults:4: 2428 daAuts
   Zot:2: 2092 daAuts
   Zot:4: 1957 daAuts
Vaults:2: 1943 daAuts
 Crypt:3: 1927 daAuts
Depths:2: 1883 daAuts
  Lair:3: 1794 daAuts
Spider:2: 1750 daAuts
Vaults:1: 1728 daAuts
   Zot:3: 1725 daAuts
Vaults:3: 1719 daAuts
     D:7: 1676 daAuts
Depths:1: 1573 daAuts
Vaults:5: 1460 daAuts
